 Dungeon Crawl Stone Soup version 0.9.0-27-g8a39726 character file.

1128680 sirdond the Invulnerable (level 27, -14/277 HPs)
             Began as a Mountain Dwarf Fighter on Nov 9, 2011.
             Was the Champion of The Shining One.
             Killed from afar by Lirirov (68 damage)
             ... with an iron shot
             ... in level 23 of a ziggurat on Nov 12, 2011.
             The game lasted 22:16:34 (227934 turns).

sirdond the Invulnerable (Mountain Dwarf Fighter) Turns: 227934, Time: 22:16:34

HP -14/277       AC 45     Str 35      XL: 27
MP  36/48        EV  9     Int 21 (22) God: The Shining One [******]
Gold 3681        SH 56     Dex 13      Spells: 16 memorised, 25 levels left

Res.Fire  : + + +   See Invis. : +   b - +9,+8 Blessed Scourge
Res.Cold  : + + .   Warding    : . . C - +11 gold dragon armour
Life Prot.: + + +   Conserve   : +   n - +0 large shield of Zin's Pride {rF+ Str+2 Res.Acid. : + . . Res.Corr. : + W - +2 hat of the Alchemist {rElec rF+ rC+ MR}
Res.Poison: +       Clarity    : .   e - +2 cloak {rCorr, Cons} {god gift}
Res.Elec. : +       Spirit.Shd : .   c - -3 pair of gloves of Boredom {Str+3 Int+4}
Sust.Abil.: . .     Stasis     : .   t - +2 pair of boots "Nuneguap" {god gift, Int Res.Mut. : + Ctrl.Telep.: x g - amulet of resist mutation Res.Rott. : . Levitation : + m - ring of the Mage {Wiz MR Int+3} Saprovore : . . . Ctrl.Flight: + R - cursed ring "Yczaur" {Hunger- MR Dex+2 Acc

@: flying, very slightly glowing, hasted, very quick, uncannily resistant to
hostile enchantments, extremely unstealthy
A: no striking features
a: Divine Shield, Cleansing Flame, Summon Divine Warrior, Renounce Religion
}: 15/15 runes: decaying, serpentine, slimy, silver, golden, iron, obsidian,
icy, bone, abyssal, demonic, glowing, magical, fiery, dark


You were on level 23 of a ziggurat.
You worshipped The Shining One.
The Shining One was exalted by your worship.
You were not hungry.

You visited 19 branches of the dungeon, and saw 114 of its levels.
You visited Pandemonium 8 times, and saw 88 of its levels.
You visited the Abyss 4 times.
You visited 4 Ziggurats, and saw 54 of their levels (deepest: 23).
You visited 3 portal chambers: spiders nest, ice cave, trove.

You collected 26346 gold pieces.
You spent 3733 gold pieces at shops.
You used 18920 gold pieces for miscellaneous purposes.

Inventory:

Hand weapons
 a - a cursed +0,+0 dagger of distortion (quivered)
 b - a +9,+8 Blessed Scourge (weapon)
Armour
 c - the -3 pair of gloves of Boredom (worn) {Str+3 Int+4}
   (You took it off Nikola on level 2 of the Swamp)

   It affects your strength (+3).
   It affects your intelligence (+4).
 e - a +2 cloak of preservation (worn) {god gift}
 n - the +0 large shield of Zin's Pride (worn) {rF+ Str+2 Int+3 SInv}
   (You found it on level 9 of the Dungeon)

   It affects your strength (+2).
   It affects your intelligence (+3).
   It protects you from fire.
   It enhances your eyesight.
 t - the cursed +2 pair of boots "Nuneguap" (worn) {god gift, Int+2 Dam+3}
   (Okawaru gifted it to you on level 1 of the Lair of Beasts)

   It affects your intelligence (+2).
   It affects your damage-dealing abilities (+3).
   It has a curse placed upon it.
 C - a +11 gold dragon armour (worn)
 W - the +2 hat of the Alchemist (worn) {rElec rF+ rC+ MR}
   (You found it on level 23 of the Dungeon)

   It protects you from fire.
   It protects you from cold.
   It insulates you from electricity.
   It increases your resistance to enchantments.
Magical devices
 k - a wand of digging (11)
 p - a wand of hasting (1)
 u - a wand of healing (0)
 w - a wand of healing (0)
 x - a wand of teleportation (8)
 z - a wand of healing (1)
 A - a wand of disintegration (8)
 L - a wand of healing (6)
Comestibles
 i - 4 royal jellies
 q - 20 meat rations
 Z - 21 bread rations
Scrolls
 h - 2 scrolls of identify
 l - 4 scrolls of remove curse
 D - 3 scrolls of blinking
 F - a scroll of enchant armour
 I - 2 scrolls of magic mapping
 J - 2 scrolls of fog
 T - 2 scrolls of vulnerability
Jewellery
 g - an amulet of resist mutation (around neck)
 j - the ring of Starshine {SustAb rN+ Dam+3}
   (You found it on level 7 of Tartarus)

   [ring of sustain abilities]

   It affects your damage-dealing abilities (+3).
   It protects you from negative energy.
 m - the ring of the Mage (right hand) {Wiz MR Int+3}
   (You found it on level 17 of the Dungeon)

   [ring of wizardry]

   It affects your intelligence (+3).
   It increases your resistance to enchantments.
 B - an uncursed amulet of clarity
 E - the ring "Lahac" {unknown, Hunger rF+ Acc+2}
   (You found it on level 21 of a ziggurat)

   [ring of hunger]

   It affects your accuracy (+2).
   It protects you from fire.
 N - a cursed amulet of stasis
 R - the cursed ring "Yczaur" (left hand) {Hunger- MR Dex+2 Acc+2 Dam+2}
   (You found it on level 6 of a ziggurat)

   [ring of sustenance]

   It affects your dexterity (+2).
   It affects your accuracy (+2).
   It affects your damage-dealing abilities (+2).
   It increases your resistance to enchantments.
   It has a curse placed upon it.
Potions
 f - a potion of resistance
 o - 12 potions of healing
 r - 5 potions of cure mutation
 s - 6 potions of heal wounds
 G - a potion of might
 H - a potion of porridge
 Q - 2 potions of restore abilities
 S - 5 potions of berserk rage
Books
 O - a book of Callings

   Spells                             Type                      Level
   Summon Small Mammals               Summoning                    1
   Call Imp                           Summoning                    2
   Call Canine Familiar               Summoning                    3
   Summon Scorpions                   Summoning/Poison             4
   Summon Ice Beast                   Ice/Summoning                4
 P - a book of Changes

   Spells                             Type                      Level
   Fulsome Distillation               Transmutation/Necromancy     1
   Sticks to Snakes                   Transmutation                2
   Evaporate                          Fire/Transmutation           2
   Spider Form                        Transmutation/Poison         3
   Ice Form                           Ice/Transmutation            4
   Blade Hands                        Transmutation                5
Magical staves
 U - a +5 rod of warding (9/9)
   (You found it on level 3 of the Tomb of the Ancients)
Miscellaneous
 d - the horn of Geryon
 y - a plain deck of escape {Velocity}
 K - a legendary deck of defence {Wrath, drawn: 3}
 M - an ornate deck of wonders {Focus, drawn: 2}


   Skills:
 O Level 27 Fighting
 - Level 1 Axes
 O Level 27 Maces & Flails
 - Level 1 Throwing
 O Level 27 Armour
 - Level 14 Dodging
 - Level 1 Stealth
 - Level 1 Stabbing
 - Level 25 Shields
 - Level 21 Traps & Doors
 - Level 1 Unarmed Combat
 O Level 27 Spellcasting
 + Level 11 Hexes
 + Level 14 Charms
 + Level 15 Summonings
 - Level 20 Translocations
 + Level 17 Transmutations
 + Level 17 Air Magic
 - Level 1 Earth Magic
 - Level 1 Poison Magic
 + Level 25 Invocations
 O Level 27 Evocations


You had 25 spell levels left.
You knew the following spells:

 Your Spells              Type           Power        Success   Level  Hunger
a - Apportation           Tloc           ########..   Perfect     1    None
b - Summon Butterflies    Summ           #######..    Excellent   1    None
c - Swiftness             Air/Chrm       #######...   Excellent   2    None
d - Abjuration            Summ           #######...   Excellent   3    None
e - Blink                 Tloc           N/A          Perfect     2    None
f - Controlled Blink      Tloc           N/A          Excellent   7    Honeycomb
g - Cure Poison           Pois           #####.....   Great       2    None
h - Flight                Air/Chrm       #######...   Excellent   4    None
i - Control Teleport      Chrm/Tloc      #######...   Excellent   4    None
j - Silence               Air/Hex        #######...   Excellent   5    None
k - Stoneskin             Erth/Trmt      #######...   Excellent   2    None
l - Deflect Missiles      Air/Chrm       #######...   Excellent   6    None
m - Haste                 Chrm           #######..    Excellent   6    None
n - Dig                   Erth/Trmt      #######..    Excellent   4    None
o - Airstrike             Air            #######...   Excellent   4    None
p - Shroud of Golubria    Chrm/Tloc      #######...   Excellent   2    None

Dungeon Overview and Level Annotations

Branches:
Dungeon (27/27)            Temple (1/1) D:7             Orc (4/4) D:6
    Elf (5/5) Orc:3          Lair (8/8) D:9           Swamp (5/5) Lair:5
  Slime (6/6) Lair:8        Snake (5/5) Lair:4         Hive (2/2) D:16
  Vault (8/8) D:17          Blade (1/1) Vault:5       Crypt (5/5) Vault:3
   Tomb (3/3) Crypt:2         Dis (7/7) Hell            Geh (7/7) Hell
    Coc (7/7) Hell            Tar (7/7) Hell            Zot (5/5) D:27

Altars:
Ashenzari
Cheibriados
Elyvilon
Fedhas
Kikubaaqudgha
Makhleb
Nemelex Xobeh
Okawaru
Sif Muna
The Shining One
Trog
Vehumet
Xom
Yredelemnul
Zin
Beogh
Jiyva

Shops:
D:6: [ D:9: ? D:18: % D:22: ? D:26: + Orc:3: % Orc:4: +=%(/?? Elf:1: / Vault:1: ? Vault:2: % Vault:7: ?

Portals:
Hell: D:21 D:22 D:23 D:24 D:25 D:26 D:27 Lair:8 Dis:1* Dis:2 Dis:3** Dis:4* Dis:5*** Dis:6* Dis:7** Geh:1* Geh:2 Geh:3 Geh:4 Geh:5 Geh:6 Geh:7** Coc:1* Coc:2 Coc:3 Coc:4 Coc:5* Coc:6 Coc:7** Tar:1

Tar:2***
Tar:3**
Tar:4**
Tar:5***
Tar:6**
Tar:7**


Abyss: D:21 D:23 D:24 D:25 Pan: D:21 D:24 Annotations D:10 ghost D:21 exclusion:
ice statue D:26 ghost wizard Elf:4 exclusion: downstairs Swamp:2 nikola Swamp:4
mara Snake:1 exclusion: Roxanne Vault:3 exclusion: statue Crypt:5 exclusion:
curse skull Zot:5 1 exclusion


Message History

The Shining One accepts your kill.
You feel a little better.
The golden flame engulfs the orange demon.
The orange demon writhes in agony!
You kill the orange demon!
The golden flame engulfs the white draconian skeleton.
The white draconian skeleton writhes in agony!
The golden flame engulfs Ongocwuc.
Ongocwuc writhes in agony!
Ongocwuc is lightly wounded.
The golden flame engulfs the neqoxec.
The neqoxec writhes in agony!
You kill the neqoxec!
The Shining One accepts your kill.
You feel a little better.
You feel somewhat more hungry. You block Gyorijuq's attack.
Clegg gestures.
The neqoxec gestures at you.
Something tries to feed on your intellect!
You block Friluda's attack. Lirirov gestures at you. The iron shot hits you!
You die...

##.....
##.........
##...........
##.............
#......#.......#
........5.......
.....z3W.&34....
.....5&2&Z&X....p
...zh3x&@&155....
...4&z.&&.z&X1...
)..5&XzE..31....
...5&&G&5ZZ3....
#..33X3#G&53G..#
##.5553G3554...
##..545555...
##.55585...
##..5..


You could see Ciumparuit, Clegg, Craor, Friluda, Fuefug, Gyorijuq, Leups,
Lirirov, Meorior, Nuycrion, Ongocwuc, Osuicwe, Plog, Preuc, Thracwar, a Shadow
Fiend, 2 Balrugs, a clay golem, a Lorocyproca (invisible), 2 skeletal warriors,
a hell hog, a shining eye, 2 orange demons, 4 large abominations, a hellwing, a
freezing wraith, a water elemental, an eye of draining, a sixfirhy, 2 smoke
demons, a hairy devil, 4 neqoxecs, 3 ynoxinuls, a red devil, a small
abomination, a giant eyeball, an iron imp, a shadow, a golden eye, 3 imps, a
white imp, 4 midges, a shadow imp, 13 ufetubi, a deep dwarf zombie, a black
draconian skeleton, a white draconian skeleton, a death yak skeleton, a
manticore skeleton and a fire giant skeleton.

Vanquished Creatures
  The ghost of Pergamon the Archmage, a legendary CeWn of Cheibriados (Coc:7)
  Antaeus (Coc:7)
  Asmodeus (Geh:7)
  Cerebov (Pan)
  Gloorx Vloq (Pan)
  Ignacio (Pan)
  Mnoleg (Pan)
  the royal jelly (Slime:6)
  Ereshkigal (Tar:7)
  Dispater (Dis:7)
  Khufu (Crypt:1)
  Lom Lobon (Pan)
  An orb of fire (Zot:3)
  the Serpent of Hell (Geh:7)
  28 greater mummies
  Saint Roka (D:17)
  7 ancient liches
  Boris (thrice) (D:25 Vault:7 Crypt:4)
  The ghost of Engwar the Sorcerer, an awesomely powerful DEWz of Sif Muna (D:27)
  Mara (Swamp:4)
  Margery (Vault:7)
  Mennas (D:26)
  Geryon (Hell)
  A player illusion (Swamp:4)
  5 golden dragons
  2 illusory
  Maras (Swamp:4)
  Frederick (Vault:5)
  2 electric golems (Zot:2)
  90 pandemonium lords
  53 Fiends
  8 liches
  26 Pit Fiends
  2 Orb Guardians (Zot:5)
  Nikola (Swamp:2)
  2 quicksilver dragons
  A curse skull (Crypt:1)
  10 deep elf blademasters
  14 shadow dragons
  4 titans
  8 ghost moths
  9 storm dragons
  26 acid blobs
  Kirke (Swamp:4)
  4 eldritch tentacles (Pan)
  50 Ice Fiends
  Rupert (Swamp:1)
  Agnes (D:19)
  9 sphinxes
  71 Shadow Fiends
  13 draconian monks
  71 Executioners
  Donald (Orc:3)
  9 orc warlords
  17 bone dragons
  The ghost of sirdond the Unseen, a mighty HaFi of Okawaru (D:16)
  96 Balrugs
  6 iron dragons
  7 draconian knights
  10 ghouls
  7 draconian scorchers
  Wiglaf (D:26)
  Louise (D:19)
  8 draconian zealots
  13 frost giants
  12 tentacled monstrosities
  16 fire giants
  12 draconian annihilators
  9 draconian shifters
  2 quicksilver dragon skeletons
  11 azure jellies
  75 stone giants
  53 Cacodemons
  11 draconian callers
  4 green draconians
  25 deep elf annihilators
  54 Green Deaths
  6 grey draconians
  5 deep elf death magi
  Jozef (Snake:1)
  9 greater nagas
  8 black draconians
  5 yellow draconians
  A dire elephant (Lair:8)
  4 white draconians
  8 purple draconians
  6 pale draconians
  15 deep elf sorcerers
  2 mottled draconians (D:27)
  8 deep elf master archers
  7 red draconians
  4 unborn deep dwarves
  7 ettins
  56 Blue Deaths
  3 storm dragon zombies
  25 vault guards
  67 yaktaur captains
  26 mummy priests
  A dragon (shapeshifter) (Zig:23)
  13 dragons
  3 titan skeletons
  21 hydras
  Josephine (Swamp:1)
  2 eidola (Abyss)
  5 death cobs
  An anaconda zombie (Zig:23)
  8 death oozes
  Erica (Lair:2)
  Harold (D:16)
  3 storm dragon skeletons
  15 ice dragons
  3 golden dragon zombies
  20 anacondas
  15 great orbs of eyes
  4 alligators
  15 shadow dragon zombies
  3 sphinx zombies
  Nessos (Snake:1)
  23 deep elf demonologists
  2 anaconda skeletons (Abyss)
  12 rakshasas
  19 wizards
  A hydra (shapeshifter) (Vault:8)
  15 ogre magi
  18 dancing weapons
  A fire giant zombie (Vault:5)
  3 iron dragon zombies
  22 deep trolls
  3 frost giant zombies
  7 stone giant zombies
  2 sphinx skeletons
  22 very ugly things
  Nergalle (Swamp:2)
  13 shadow dragon skeletons
  11 death yaks
  A draconian (shapeshifter) (D:22)
  9 orc high priests
  7 deep elf high priests
  25 centaur warriors
  19 hell hogs
  4 vapours (D:25)
  15 iron golems
  2 frost giant skeletons
  48 sun demons
  An emperor scorpion (shapeshifter) (Vault:8)
  9 stone giant skeletons
  9 iron trolls
  5 iron dragon skeletons
  3 alligator snapping turtle zombies
  6 death drakes
  2 fire giant skeletons (Abyss)
  36 deep elf knights
  240 skeletal warriors
  45 soul eaters
  9 shadow wraiths
  A catoblepas (D:18)
  A black draconian zombie (Abyss)
  2 elves (shapeshifter) (Vault:8)
  11 deep dwarf death knights
  15 hell knights
  A death drake (shapeshifter) (D:18)
  5 white draconian zombies
  An unseen horror (shapeshifter) (Zig:23)
  4 red draconian zombies
  An elephant slug zombie (Geh:7)
  2 green draconian zombies
  2 grey draconian zombies
  37 naga warriors
  9 unseen horrors
  A giant amoeba (shapeshifter) (Elf:4)
  A death yak zombie (Zig:23)
  3 purple draconian zombies
  3 yellow draconian zombies (Zig:23)
  25 flayed ghosts
  9 orc sorcerers
  6 mottled draconian zombies
  The ghost of Hambone the Covert, an experienced SpEn of Sif Muna (D:10)
  A sea snake (shapeshifter) (Vault:8)
  14 hill giants
  8 sea snake zombies
  A lindwurm (shapeshifter) (Vault:8)
  3 alligator snapping turtle skeletons
  6 pale draconian zombies
  3 ice statues (Zig:23)
  A minotaur zombie (Crypt:4)
  54 orc knights
  25 giant amoebae
  79 ice devils
  Pikel (D:8)
  48 hellions
  2 black draconian skeletons
  2 lindwurms
  3 harpies (D:20)
  11 giant orange brains
  4 spiny worms
  4 pale draconian skeletons
  4 purple draconian skeletons
  15 necromancers
  A death yak skeleton (Zig:23)
  A grey draconian skeleton (Zig:23)
  3 white draconian skeletons (Zig:23)
  18 flaming corpses
  Joseph (Orc:1)
  4 swamp dragons (Swamp:5)
  9 green draconian skeletons
  Urug (Swamp:2)
  3 sea snake skeletons
  6 iron troll skeletons
  2 hydra zombies
  7 yellow draconian skeletons
  3 death drake zombies
  A mottled draconian skeleton (Coc:7)
  6 red draconian skeletons
  A red wasp (shapeshifter) (Vault:4)
  6 red wasps
  6 catoblepas zombies
  8 guardian serpents
  9 shining eyes
  6 siren zombies
  A sphinx simulacrum (Abyss)
  A golden dragon simulacrum (Zig:23)
  23 phantasmal warriors
  A spiny worm (shapeshifter) (Vault:3)
  20 cyclopes
  2 minotaur skeletons (Zig:23)
  5 deep dwarf berserkers
  A death drake skeleton (Geh:7)
  A shining eye (shapeshifter) (Vault:8)
  93 sixfirhies
  A shadow dragon simulacrum (Tar:6)
  8 griffons
  19 moths of wrath
  4 oklob plants (Zig:23)
  17 stone golems
  Maurice (D:10)
  2 harpy skeletons
  6 trapdoor spider zombies
  3 hydra skeletons
  6 siren skeletons
  2 cyclopes (shapeshifter)
  2 dragon zombies
  67 black mambas
  A fire crab (Geh:7)
  12 ice dragon zombies
  2 weapon mimics
  6 eyes of devastation
  11 Lorocyprocas (Pan)
  2 elephant slugs
  An alligator zombie (Crypt:4)
  A griffon zombie (Zig:23)
  2 catoblepas skeletons
  15 elephants
  79 reapers
  7 trapdoor spiders
  An ettin zombie (Zig:23)
  11 ice dragon skeletons
  A griffon skeleton (D:20)
  2 slime creatures (shapeshifter)
  9 wolf spiders
  263 orange demons
  A spiny worm zombie (Vault:5)
  3 alligator skeletons
  A wolf spider (shapeshifter) (Vault:8)
  12 rock trolls
  4 ettin skeletons
  263 hellwings
  An eye of devastation (shapeshifter) (Zig:23)
  170 slime creatures
  A dragon skeleton (Vault:2)
  18 spiny frogs
  60 tormentors
  3 hill giant zombies
  A queen ant zombie (Geh:7)
  83 yaktaurs
  Psyche (D:9)
  3 emperor scorpion zombies
  102 guardian mummies
  A giant firefly zombie (Crypt:3)
  2 giant toad skeletons
  29 naga magi
  14 efreeti
  A white draconian simulacrum (Abyss)
  172 large large abominations
  A mottled draconian simulacrum (Coc:7)
  99 ugly things
  26 hell beasts
  A pale draconian simulacrum (Crypt:1)
  A spriggan (shapeshifter) (D:17)
  38 iron devils
  2 hill giant skeletons
  8 komodo dragons
  A mermaid (shapeshifter) (Vault:1)
  Sonja (D:16)
  23 two-headed ogres
  3 deep troll zombies
  2 raven zombies (Dis:7)
  15 silent spectres
  15 trolls
  2 agate snail zombies (Abyss)
  A spriggan skeleton (Crypt:5)
  Prince Ribbit (Orc:1)
  4 polar bears
  2 queen bees
  A troll (shapeshifter) (D:15)
  3 bog mummies
  3 rock troll zombies
  274 smoke demons
  10 deep dwarf artificers
  11 redbacks (Zig:23)
  11 human zombies
  A baby alligator zombie (Tar:4)
  12 deep dwarf necromancers
  A minotaur simulacrum (Abyss)
  3 snapping turtle zombies
  31 giant toads
  7 rock troll skeletons
  3 deep troll skeletons
  2 dragon simulacra (Zig:23)
  A human skeleton (Crypt:5)
  A red wasp simulacrum (Vault:3)
  3 snapping turtle skeletons
  A baby alligator skeleton (Crypt:1)
  A spiny frog skeleton (Geh:7)
  51 blue devils
  11 deep dwarf scions
  22 brown oozes
  2 trapdoor spider simulacra
  5 baby alligators
  2 lindwurm zombies
  21 blink frogs
  A swamp dragon zombie (Zig:23)
  2 air elementals
  5 basilisks
  23 demonic crawlers
  2 chaos spawn
  23 vampires
  54 yaks
  4 wyverns
  24 deep elf conjurers
  2 fire elementals
  30 metal gargoyles (Dis:7)
  37 wraiths
  3 merfolk skeletons
  30 hairy devils
  2 sharks (Hell)
  2 grizzly bears (D:17)
  8 bumblebees
  167 small abominations
  208 ynoxinuls
  2 toenail golems
  A blink frog skeleton (Swamp:1)
  A steam dragon (Zig:23)
  A clay golem (Abyss)
  14 hippogriffs
  2 wood golems
  2 elephant skeletons
  14 fire drakes
  A lindwurm skeleton (Geh:1)
  8 hungry ghosts
  12 fire crab zombies
  Grum (Elf:2)
  A water elemental (Pan)
  34 golden eyes
  A merfolk (shapeshifter) (Vault:8)
  59 deep elf fighters
  13 war dogs
  A hog (Swamp:4)
  A hippogriff (shapeshifter) (D:17)
  32 shadow demons
  7 yaktaur zombies
  21 deep elf summoners
  2 fire drake skeletons
  19 vipers
  35 vampire mosquitoes
  A raven simulacrum (Tar:7)
  A wyvern zombie (Crypt:5)
  17 molten gargoyles (Geh:7)
  5 spatial vortices
  A giant slug zombie (D:19)
  251 neqoxecs
  2 manticores
  A manticore zombie (Pan)
  49 necrophages
  A rock worm (D:17)
  3 yaktaur skeletons
  2 jumping spider zombies
  18 deep elf priests
  7 mottled dragons
  4 human simulacra (Zig:23)
  34 swamp worms
  5 jumping spiders (Zig:23)
  58 freezing wraiths
  33 insubstantial wisps
  2 kobold demonologists
  99 orc warriors
  14 phantoms
  A dwarf (shapeshifter) (Vault:8)
  A black bear (D:17)
  4 sky beasts
  4 cyclops skeletons
  25 deep dwarves
  8 giant goldfish
  5 kenku (Swamp:2)
  A troll zombie (Crypt:5)
  A yellow wasp (D:16)
  2 giant goldfish zombies (Coc:7)
  69 hell hounds
  39 rotting devils
  41 deep elf magi
  A draconian skeleton (Geh:7)
  76 red devils
  An ogre (shapeshifter) (D:19)
  2 yak zombies
  19 ice beasts
  5 boring beetles
  2 yak skeletons
  15 swamp drakes
  127 nagas
  7 lava worms
  10 wargs
  Sigmund (Orc:1)
  12 brain worms
  12 crocodiles
  2 war dog zombies (Elf:2)
  63 ogres
  4 boulder beetle zombies
  23 centaurs
  A soldier ant zombie (Dis:7)
  24 giant frogs
  A giant frog zombie (Crypt:4)
  2 war dog skeletons
  6 giant slugs
  85 water moccasins
  21 big kobolds
  37 elf zombies
  2 giant frog skeletons
  3 silver statues
  7 tarantellas (Zig:23)
  A wolf skeleton (Tomb:1)
  A yaktaur simulacrum (D:17)
  5 giant leeches
  8 agate snails
  A human (shapeshifter) (Vault:4)
  Blork the orc (D:6)
  2 centaur skeletons
  4 earth elementals
  A two-headed ogre skeleton (Geh:7)
  A water moccasin skeleton (Geh:7)
  4 basilisk skeletons
  16 eyes of draining
  10 boulder beetles
  119 killer bees
  3 pulsating lumps
  36 jellyfish
  3 killer bee zombies
  21 fire bats
  2 goliath beetles
  128 wights
  4 grizzly bear simulacra (Zig:23)
  19 deep dwarf zombies
  A demonspawn zombie (Tomb:1)
  3 lava fish (Hell)
  2 mottled dragon zombies
  2 big kobold zombies
  A felid skeleton (Geh:4)
  A mottled dragon skeleton (D:9)
  6 draconian zombies
  An ogre zombie (Crypt:3)
  3 electric eels (Hell)
  A kenku skeleton (Crypt:3)
  3 quasits
  17 spiders (Zig:23)
  A deep dwarf skeleton (Tar:5)
  159 imps
  4 big kobold skeletons
  12 hounds
  3 ogre skeletons
  67 shadows
  2 hound skeletons
  62 orc priests
  278 iron imps
  A naga zombie (Crypt:5)
  28 orange rats
  11 big fish
  6 lava snakes
  44 orc wizards
  5 scorpions
  6 worker ants
  70 deep elf soldiers
  3 worker ant zombies
  5 porcupines
  12 iguanas
  17 sheep
  2 orange rat skeletons
  A spider simulacrum (Tomb:3)
  Ijyb (D:4)
  A fire vortex (Pan)
  26 jellies
  An elf skeleton (Geh:5)
  2 worm zombies
  3 boggarts (D:18)
  3 goliath beetle zombies
  186 flying skulls
  83 mummies
  An iguana zombie (D:22)
  6 gnolls
  95 green rats
  A green rat (shapeshifter) (Zig:23)
  A snake zombie (Coc:7)
  268 lemures
  119 snakes
  A giant centipede zombie (Dis:7)
  An iguana skeleton (D:7)
  3 scorpion zombies
  89 shadow imps
  3 giant centipedes
  224 midges
  3 porcupine skeletons
  276 white imps
  7 giant mites
  2 sheep skeletons
  9 worms
  A snake skeleton (Geh:7)
  808 ufetubi
  A scorpion simulacrum (Zig:23)
  A bat skeleton (Coc:3)
  2 bat zombies
  19 giant eyeballs
  7 giant geckos
  2 gnoll skeletons
  A gnoll zombie (Coc:1)
  An ooze (shapeshifter) (Zig:23)
  7 oozes
  333 orcs
  9 giant cockroaches
  35 goblins
  16 grey rats
  12 hobgoblins
  21 jackals
  38 kobolds
  9 quokkas
  69 bats
  A giant cockroach zombie (Dis:7)
  A giant gecko skeleton (Tar:4)
  A giant gecko zombie (Coc:7)
  6 giant newts
  2 grey rat skeletons
  28 illusory rakshasas
  A jackal (shapeshifter) (Vault:8)
  2 jackal skeletons
  A jackal zombie (Tomb:3)
  53 killer bee larvae
  2 killer bee larva zombies
  A kobold simulacrum (Zig:23)
  A kobold skeleton (Tomb:2)
  4 kobold zombies
  An orc skeleton (Crypt:5)
  6 orc zombies
  A quokka skeleton (D:15)
  44 rats
  3 rat skeletons
  3 small snakes
  3 small snake zombies
  A spectral orc (Swamp:2)
  16 ballistomycetes
  8 butterflies (Pan)
  11 fungi
  11 plants
  43 toadstools
11598 creatures vanquished.

Vanquished Creatures (collateral kills)
  3 greater mummies
  An ancient lich (Zig:23)
  An Ice Fiend (Coc:7)
  A Balrug (Pan)
  2 frost giants (Tar:7)
  2 Executioners (Pan)
  A shadow dragon zombie (Tar:7)
  A skeletal warrior (Coc:7)
  2 flayed ghosts
  A naga warrior (Tar:7)
  An ice dragon zombie (Coc:7)
  2 reapers
  An elf zombie (Zig:23)
  An orange demon (Pan)
  A hellwing (Pan)
  5 guardian mummies
  An iron devil (Zig:23)
  2 smoke demons (Pan)
  A demonic crawler (Pan)
  A vampire (Tar:7)
  2 shadow demons (Pan)
  A snapping turtle skeleton (Pan)
  A deep elf fighter (Zig:23)
  A giant goldfish zombie (Coc:7)
  A hell hound (Tar:7)
  A swamp drake (Zig:23)
  A tarantella zombie (Dis:7)
  A jellyfish (Coc:7)
  A small abomination (Pan)
  2 wights
  A deep elf soldier (Zig:23)
  3 flying skulls
  2 lemures (Zig:23)
  A midge (Zig:23)
  A white imp (Pan)
  A bat (Tar:7)
52 creatures vanquished.

Vanquished Creatures (others)
  A pandemonium lord (Pan)
  3 eldritch tentacles
  6 Daevas
  A draconian monk (Zig:23)
  A draconian annihilator (Zig:23)
  5 Angels
  A Cacodemon (Pan)
  A stone giant (Zig:23)
  Snorg (Swamp:2)
  A yaktaur captain (Zig:23)
  An ice dragon (Coc:7)
  An anaconda skeleton (Crypt:5)
  7 ball lightnings (Pan)
  A draconian zombie (Zig:23)
  2 shadow dragon skeletons
  A rakshasa (Pan)
  3 elf zombies (Zig:23)
  A skeletal warrior (Coc:7)
  A white draconian zombie (Zot:3)
  A deep elf knight (D:12)
  A naga warrior (Abyss)
  A yellow draconian zombie (Zig:23)
  5 large large abominations
  A red draconian skeleton (Geh:2)
  A hellion (Pan)
  A sea snake skeleton (Zig:23)
  3 sixfirhies
  A black mamba (Zig:23)
  81 slime creatures
  3 orange demons
  A dire elephant simulacrum (Pan)
  7 hellwings
  3 ugly things
  An iron devil (Pan)
  2 smoke demons (Pan)
  6 komodo dragons (Zig:23)
  A metal gargoyle (Dis:7)
  2 deep elf conjurers
  4 ynoxinuls
  A trapdoor spider simulacrum (Tomb:2)
  A hog zombie (Tar:7)
  A war dog (Elf:2)
  4 neqoxecs
  A hog (Swamp:4)
  4 fire drakes (Zig:23)
  2 deep elf priests (Zig:23)
  A hell hound (Geh:7)
  A red devil (Tomb:1)
  A yellow wasp (D:11)
  A deep elf fighter (Elf:3)
  A deep dwarf (Zig:23)
  A necrophage (Geh:1)
  4 small abominations (Pan)
  5 nagas
  5 swamp drakes
  2 centaurs (Vault:6)
  A warg (D:26)
  A rotting devil (Pan)
  A water moccasin (Snake:3)
  An agate snail (Slime:1)
  A warg skeleton (Crypt:5)
  3 wights
  A water moccasin simulacrum (Tomb:1)
  2 imps (Pan)
  A shadow (Geh:2)
  A scorpion (Zig:23)
  10 iron imps
  2 humans (shapeshifter)
  A hound skeleton (D:11)
  6 deep elf soldiers
  A naga skeleton (Tomb:2)
  2 mummies
  5 flying skulls
  A green rat (Lair:1)
  7 midges
  14 lemures
  A shadow imp (Abyss)
  2 white imps
  An iguana zombie (D:8)
  10 snakes
  43 ufetubi
  A grey rat (Zig:23)
  A giant eyeball (Pan)
  A giant gecko (D:8)
  11 orcs
  A hobgoblin (D:10)
  3 jackals (Lair:2)
  2 bats
  6 giant spores
  3 illusory rakshasas
  A jackal skeleton (Crypt:5)
  2 killer bee larvae (Hive:2)
  2 rats
  A small snake skeleton (Crypt:4)
  334 eldritch tentacle segments
  8 fungi
  2 plants (Lair:8)
  104 toadstools
803 creatures vanquished.

Grand Total: 12453 creatures vanquished

Notes
Turn   | Place    | Note
--------------------------------------------------------------
     0 | D:1      | sirdond, the Mountain Dwarf Fighter, began the quest for the Orb.
     0 | D:1      | Reached XP level 1. HP: 19/19 MP: 0/0
   492 | D:1      | Reached XP level 2. HP: 25/27 MP: 1/1
   764 | D:2      | Found an iron altar of Okawaru.
   793 | D:2      | Became a worshipper of Warmaster Okawaru
  1142 | D:2      | Reached XP level 3. HP: 26/33 MP: 2/2
  1689 | D:3      | Acquired Okawaru's first power
  1905 | D:3      | Reached skill level 5 in Armour
  1905 | D:3      | Reached skill level 1 in Dodging
  1905 | D:3      | Reached XP level 4. HP: 36/40 MP: 2/2
  2136 | D:4      | Reached XP level 5. HP: 36/46 MP: 3/3
  2152 | D:4      | Reached skill level 5 in Shields
  2225 | D:4      | Reached skill level 5 in Fighting
  2421 | D:4      | Reached XP level 6. HP: 53/53 MP: 4/4
  2863 | D:4      | Found a shimmering altar of Xom.
  3265 | D:4      | Reached skill level 5 in Maces & Flails
  3438 | D:5      | Entered Level 5 of the Dungeon
  3451 | D:5      | Reached skill level 1 in Evocations
  3547 | D:5      | Noticed Ijyb
  3548 | D:5      | Noticed Menkaure
  3581 | D:4      | Defeated Ijyb
  3954 | D:5      | Reached skill level 6 in Armour
  3954 | D:5      | Reached XP level 7. HP: 41/60 MP: 4/4
  4094 | D:6      | Noticed Blork the orc
  4126 | D:6      | Defeated Blork the orc
  4155 | D:6      | Reached skill level 1 in Traps & Doors
  4420 | D:6      | Found a staircase to the Orcish Mines.
  4450 | D:6      | Found Sozev's Armour Emporium.
  4525 | D:6      | Bought a +0 pair of boots for 28 gold pieces
  4570 | D:6      | Reached XP level 8. HP: 69/69 MP: 5/5
  4688 | D:6      | Reached skill level 1 in Stealth
  5275 | D:6      | Noticed a big kobold
  5275 | D:6      | Noticed a big kobold
  5275 | D:6      | Noticed a big kobold
  5275 | D:6      | Noticed a big kobold
  5275 | D:6      | Noticed a big kobold
  5275 | D:6      | Noticed a big kobold
  5275 | D:6      | Noticed a big kobold
  5275 | D:6      | Noticed a big kobold
  5275 | D:6      | Noticed a big kobold
  5275 | D:6      | Noticed a big kobold
  5275 | D:6      | Noticed a big kobold
  5275 | D:6      | Noticed a big kobold
  5275 | D:6      | Noticed a big kobold
  5275 | D:6      | Noticed a big kobold
  5276 | D:6      | Noticed a big kobold
  5276 | D:6      | Noticed a big kobold
  5276 | D:6      | Noticed a big kobold
  5279 | D:6      | Defeated a big kobold
  5287 | D:6      | Noticed a big kobold
  5291 | D:6      | Defeated a big kobold
  5297 | D:6      | Defeated a big kobold
  5297 | D:6      | Reached skill level 7 in Maces & Flails
  5311 | D:6      | Defeated a big kobold
  5319 | D:6      | Defeated a big kobold
  5333 | D:6      | Defeated a big kobold
  5333 | D:6      | Reached XP level 9. HP: 51/74 MP: 6/6
  5348 | D:6      | Defeated a big kobold
  5358 | D:6      | Defeated a big kobold
  5378 | D:6      | Defeated a big kobold
  5386 | D:6      | Defeated a big kobold
  5396 | D:6      | Defeated a big kobold
  5403 | D:6      | Defeated a big kobold
  5422 | D:6      | Defeated a big kobold
  5433 | D:6      | Defeated a big kobold
  5447 | D:6      | Defeated a big kobold
  5456 | D:6      | Defeated a big kobold
  5456 | D:6      | Reached skill level 5 in Evocations
  5468 | D:6      | Defeated a big kobold
  5480 | D:6      | Defeated a big kobold
  5809 | D:6      | Reached skill level 1 in Invocations
  6047 | D:7      | Reached skill level 8 in Maces & Flails
  6050 | D:7      | Found a basalt altar of Yredelemnul.
  6121 | D:7      | Found a burning altar of Makhleb.
  6123 | D:7      | Found a staircase to the Ecumenical Temple.
  6588 | D:7      | Reached XP level 10. HP: 83/83 MP: 7/7
  6854 | D:8      | Noticed Pikel
  6880 | D:8      | Defeated Pikel
  6882 | D:8      | Acquired Okawaru's second power
  6937 | D:8      | Reached skill level 9 in Maces & Flails
  6937 | D:8      | Reached skill level 1 in Spellcasting
  7331 | D:9      | Noticed a centaur warrior
  7336 | D:9      | Noticed Psyche
  7347 | D:9      | Defeated Psyche
  7396 | D:9      | Defeated a centaur warrior
  7396 | D:9      | Reached skill level 10 in Maces & Flails
  7396 | D:9      | Reached skill level 5 in Traps & Doors
  7396 | D:9      | Reached skill level 1 in Unarmed Combat
  7472 | D:9      | Noticed a mottled dragon skeleton
  7493 | D:9      | Defeated a mottled dragon skeleton
  7600 | D:9      | Found a burning altar of Makhleb.
  7603 | D:9      | Found a blossoming altar of Fedhas.
  7830 | D:9      | Got a fine large shield
  7870 | D:9      | Identified the +0 large shield of Zin's Pride (You found it on level 9 of the Dungeon)
  7962 | D:9      | Found a staircase to the Lair.
  7991 | D:9      | Found a shimmering altar of Xom.
  8056 | D:9      | Found Ebrogeqi's Magic Scroll Shoppe.
  8123 | Lair:1   | Entered Level 1 of the Lair of Beasts
  8222 | Lair:1   | Reached XP level 11. HP: 67/92 MP: 9/9
  8311 | D:10     | Entered Level 10 of the Dungeon
  8595 | D:10     | Noticed Maurice
  8602 | D:10     | Gained mutation: Your magical capacity is low (-10% MP).
  8633 | D:10     | Defeated Maurice
  8920 | D:10     | Reached skill level 10 in Shields
  9221 | D:10     | Reached skill level 10 in Armour
  9260 | D:10     | Noticed Hambone's ghost (experienced SpEn)
  9437 | Lair:1   | Reached skill level 1 in Throwing
  9494 | Lair:1   | Reached skill level 11 in Maces & Flails
  9551 | Lair:1   | Got a steel ring
  9552 | Lair:1   | Identified the ring of Robustness (You found it on level 1 of the Lair of Beasts)
  9682 | Lair:1   | Received a gift from Okawaru
  9704 | Lair:1   | Got a pair of heavily runed boots {god gift}
  9784 | Lair:1   | Identified the +2 pair of boots "Nuneguap" {god gift} (Okawaru gifted it to you on level 1 of the Lair of Beasts)
 10750 | Lair:2   | Noticed Erica
 10765 | Lair:2   | Defeated Erica
 10765 | Lair:2   | Reached skill level 10 in Fighting
 10765 | Lair:2   | Reached XP level 12. HP: 90/103 MP: 6/9
 10938 | Lair:2   | Reached skill level 12 in Shields
 11405 | Lair:3   | Lost mutation: Your magical capacity is low (-10% MP).
 11938 | Lair:3   | Got a dazzling hammer
 11939 | Lair:3   | Identified the cursed hammer "Issek" {venom, rC- Str+2 Int+3} (You found it on level 3 of the Lair of Beasts)
 12060 | Lair:3   | Got an ichor-stained mace
 12155 | Lair:3   | Identified the +1,+3 mace "Deqa" {vamp} (You found it on level 3 of the Lair of Beasts)
 12731 | Lair:4   | Received a gift from Okawaru
 12849 | Lair:4   | Found a staircase to the Snake Pit.
 12946 | Lair:4   | Reached skill level 13 in Shields
 13580 | Lair:5   | Found a staircase to the Swamp.
 14098 | Lair:5   | You fall through a shaft!
 14337 | Lair:6   | Reached skill level 14 in Shields
 14477 | Lair:6   | Reached XP level 13. HP: 80/111 MP: 11/11
 14566 | Lair:6   | Found an iron altar of Okawaru.
 14666 | Lair:6   | Got an encrusted chain mail
 14685 | Lair:6   | Identified the cursed +2 chain mail of Kikubaaqudgha's Wrath (You found it on level 6 of the Lair of Beasts)
 14870 | Lair:6   | Reached skill level 15 in Shields
 14878 | Lair:6   | Received a gift from Okawaru
 16341 | Lair:7   | Reached skill level 1 in Stabbing
 16486 | Lair:7   | Reached skill level 16 in Shields
 17283 | Lair:7   | Reached skill level 17 in Shields
 17487 | Lair:7   | Received a gift from Okawaru
 17835 | Lair:7   | Reached XP level 14. HP: 109/123 MP: 12/12
 17857 | Lair:8   | Entered Level 8 of the Lair of Beasts
 17936 | Lair:8   | Got a levitating book
 17954 | Lair:8   | Identified the Reference Book on Spatial Arcane Weapons (You found it on level 8 of the Lair of Beasts)
 18421 | Lair:8   | Found a crumbling entrance.
 18432 | Spider   | Entered a spider's nest
 18511 | Spider   | Reached skill level 15 in Armour
 18786 | Spider   | Reached skill level 18 in Shields
 18897 | Spider   | Got a bloodstained helmet
 18901 | Spider   | Identified the cursed -2 helmet of Qeoru (You found it in a spider's nest)
 19729 | Orc:1    | Entered Level 1 of the Orcish Mines
 19855 | Orc:1    | Noticed Prince Ribbit
 19890 | Orc:1    | Defeated Prince Ribbit
 20035 | Orc:2    | Received a gift from Okawaru
 20203 | Orc:3    | Found Jaboiw's Food Shoppe.
 20216 | Orc:3    | Bought a meat ration for 48 gold pieces
 20216 | Orc:3    | Bought a meat ration for 48 gold pieces
 20236 | Orc:3    | Noticed Donald
 20260 | Orc:3    | Defeated Donald
 20353 | Orc:4    | Entered Level 4 of the Orcish Mines
 20353 | Orc:4    | Found Zioma's Magic Scroll Shop.
 20784 | Orc:3    | Received a gift from Okawaru
 21253 | Orc:1    | Noticed Joseph
 21253 | Orc:1    | Noticed Sigmund
 21262 | Orc:1    | Defeated Sigmund
 21272 | Orc:1    | Defeated Joseph
 21750 | Orc:1    | Received a gift from Okawaru
 22134 | Orc:4    | Found Ehieruix's Magic Scroll Emporium.
 22164 | Orc:4    | Bought a scroll of blinking for 77 gold pieces
 22164 | Orc:4    | Bought a scroll of teleportation for 42 gold pieces
 22164 | Orc:4    | Bought a scroll of identify for 28 gold pieces
 22409 | Orc:4    | Found Toug's Book Shop.
 22619 | Orc:4    | Noticed an orc high priest
 22679 | Orc:4    | Defeated an orc high priest
 22685 | Orc:4    | Received a gift from Okawaru
 22705 | Orc:4    | Noticed an orc high priest
 22716 | Orc:4    | Defeated an orc high priest
 22749 | Orc:4    | Noticed an orc high priest
 22782 | Orc:4    | Defeated an orc high priest
 22997 | Orc:3    | Identified a +1 cloak of preservation {god gift} (Okawaru gifted it to you on level 4 of the Orcish Mines)
 23133 | D:10     | Defeated Hambone's ghost
 23343 | D:10     | Reached skill level 19 in Shields
 23964 | D:12     | Noticed a deep elf fighter
 23975 | D:12     | Defeated a deep elf fighter
 24004 | D:12     | Noticed a deep elf fighter
 24036 | D:12     | Defeated a deep elf fighter
 24088 | D:12     | Noticed a deep elf knight
 24298 | D:12     | Defeated a deep elf knight
 24303 | D:12     | Noticed a deep elf knight
 24316 | D:12     | Defeated a deep elf knight
 24316 | D:12     | Reached skill level 15 in Fighting
 24374 | D:12     | Noticed a deep elf knight
 24407 | D:12     | Defeated a deep elf knight
 24468 | D:12     | Noticed a deep elf knight
 24482 | D:12     | Defeated a deep elf knight
 24567 | D:12     | Noticed a deep elf mage
 24577 | D:12     | Defeated a deep elf mage
 24685 | D:12     | Received a gift from Okawaru
 24692 | D:12     | Reached XP level 15. HP: 130/135 MP: 13/13
 25429 | D:13     | Got a pair of warped gloves
 25433 | D:13     | Identified the cursed -3 pair of gloves of Utithau (You found it on level 13 of the Dungeon)
 26097 | D:14     | Found a portal to a secret trove of treasure.
 26680 | D:15     | Entered Level 15 of the Dungeon
 26941 | D:15     | Reached skill level 20 in Shields
 27908 | D:16     | Noticed sirdond's ghost (mighty HaFi)
 27910 | D:16     | Received a gift from Okawaru
 28637 | Lair:8   | Found a staircase to the Slime Pits.
 29773 | Lair:8   | Found a burning altar of Makhleb.
 29808 | Lair:8   | Reached skill level 21 in Shields
 29810 | Lair:8   | Reached XP level 16. HP: 134/146 MP: 14/14
 29815 | Lair:8   | Found a gateway to Hell.
 29843 | Lair:8   | Identified a +0 rod of venom (9/9) (You found it on level 8 of the Lair of Beasts)
 30059 | Snake:1  | Entered Level 1 of the Snake Pit
 30072 | Snake:1  | Received a gift from Okawaru
 30075 | Snake:1  | Got a polished plate mail {god gift}
 30098 | Lair:4   | Identified the -2 plate mail "Tyen" {god gift} (Okawaru gifted it to you on level 1 of the Snake Pit)
 30127 | Snake:1  | Noticed Jozef
 30180 | Snake:1  | Defeated Jozef
 30322 | Snake:1  | Noticed Nessos
 30351 | Snake:1  | Defeated Nessos
 30513 | Snake:1  | Noticed Roxanne
 31862 | Snake:3  | Received a gift from Okawaru
 32255 | Snake:3  | You fall through a shaft!
 33568 | Snake:4  | Received a gift from Okawaru
 34461 | Swamp:1  | Entered Level 1 of the Swamp
 34474 | Swamp:1  | Noticed Josephine
 34578 | Swamp:1  | Found a glowing silver altar of Zin.
 34795 | Swamp:1  | Defeated Josephine
 35325 | Swamp:1  | Noticed Rupert
 35365 | Swamp:1  | Defeated Rupert
 36165 | Swamp:2  | Reached skill level 22 in Shields
 36205 | Swamp:2  | Received a gift from Okawaru
 36211 | Swamp:2  | Got a polished banded mail {god gift}
 36220 | Swamp:1  | Identified the -5 banded mail "Kiqo" {god gift} (Okawaru gifted it to you on level 2 of the Swamp)
 36258 | Swamp:2  | Noticed Urug
 36272 | Swamp:2  | Defeated Urug
 36645 | Swamp:2  | Noticed Nergalle
 36664 | Swamp:2  | Defeated Nergalle
 36800 | Swamp:2  | Noticed Nikola
 37563 | D:16     | Defeated sirdond's ghost
 37699 | D:16     | Noticed Harold
 37710 | D:16     | Defeated Harold
 37758 | D:16     | Noticed Sonja
 37763 | D:16     | Defeated Sonja
 37896 | D:16     | Found a staircase to the Hive.
 37996 | Hive:1   | Entered Level 1 of the Hive
 38079 | Hive:1   | Got a bloodstained hand axe
 38080 | Hive:1   | Identified the hand axe of Itatiw {holy, SInv} (You found it on level 1 of the Hive)
 38265 | Hive:1   | Reached skill level 1 in Axes
 38450 | Hive:2   | Entered Level 2 of the Hive
 38700 | Hive:2   | Received a gift from Okawaru
 38815 | Hive:2   | Reached XP level 17. HP: 156/156 MP: 15/15
 38954 | Hive:2   | Received a gift from Okawaru
 40868 | D:17     | Noticed a stone giant
 40868 | D:17     | Noticed a fire giant
 40869 | D:17     | Noticed a stone giant
 40889 | D:17     | Noticed a stone giant
 40893 | D:17     | Defeated a fire giant
 40918 | D:17     | Defeated a stone giant
 40923 | D:17     | Defeated a stone giant
 40931 | D:17     | Defeated a stone giant
 40953 | D:17     | Noticed a shadow dragon
 40965 | D:17     | Reached XP level 16. HP: 99/148 MP: 13/15
 40994 | D:17     | Defeated a shadow dragon
 41513 | D:17     | Received a gift from Okawaru
 41604 | D:17     | Got a yellowed book
 41610 | D:17     | Identified the Incunabulum of Dislocated Beguiling (You found it on level 17 of the Dungeon)
 41699 | D:17     | Got a sapphire ring
 41720 | D:17     | Identified the ring of the Mage {Int+3} (You found it on level 17 of the Dungeon)
 41772 | D:17     | Noticed a shadow dragon
 41787 | D:17     | Defeated a shadow dragon
 41892 | D:17     | Noticed a stone giant
 41905 | D:17     | Defeated a stone giant
 42287 | D:17     | Noticed Saint Roka
 42337 | D:17     | Defeated Saint Roka
 42337 | D:17     | Reached XP level 17. HP: 107/156 MP: 14/20
 42703 | D:17     | Reached skill level 23 in Shields
 42945 | D:17     | Found a staircase to the Vaults.
 43096 | D:17     | Received a gift from Okawaru
 43101 | D:17     | Got a crude crystal plate mail {god gift}
 43140 | D:16     | Identified the +12 crystal plate mail of Action {god gift} (Okawaru gifted it to you on level 17 of the Dungeon)
 43220 | D:17     | Reached skill level 5 in Invocations
 43819 | D:18     | Found Meideme's Food Shop.
 45050 | D:19     | Noticed Louise
 45074 | D:19     | Defeated Louise
 45362 | D:19     | Noticed Agnes
 45384 | D:19     | Defeated Agnes
 45524 | D:20     | Entered Level 20 of the Dungeon
 46200 | D:20     | Received a gift from Okawaru
 46201 | D:20     | Got a pair of warped boots {god gift}
 46207 | D:20     | Identified the +1 pair of boots "Uziniot" {god gift} (Okawaru gifted it to you on level 20 of the Dungeon)
 46973 | Orc:4    | Found Waesior's Food Boutique.
 46973 | Orc:4    | Found Geraemeh's Jewellery Boutique.
 46974 | Orc:4    | Found Jegaw's Weapon Shop.
 47003 | Orc:4    | Noticed an orc high priest
 47025 | Orc:4    | Defeated an orc high priest
 47030 | Orc:4    | Found Pypac's Magical Wand Shop.
 47145 | Orc:4    | Bought a wand of hasting (3) for 420 gold pieces
 47148 | Orc:4    | Bought an uncursed amulet of resist mutation for 400 gold pieces
 47324 | Orc:4    | Bought a wand of digging (13) for 340 gold pieces
 47551 | Orc:3    | Noticed an orc warlord
 47573 | Orc:3    | Defeated an orc warlord
 47605 | Orc:3    | Found a staircase to the Elven Halls.
 48053 | Vault:1  | Entered Level 1 of the Vaults
 48184 | Vault:1  | Reached XP level 18. HP: 167/167 MP: 24/24
 48440 | Vault:1  | Found Phamp's Magic Scroll Boutique.
 48454 | Vault:1  | Bought a scroll of identify for 24 gold pieces
 48882 | Vault:2  | Found Thoulyt's Food Emporium.
 48974 | Vault:2  | Received a gift from Okawaru
 49246 | Vault:2  | Found a frozen archway.
 49258 | IceCv    | Entered an ice cave
 49561 | IceCv    | Got a faintly glowing mace
 49755 | Vault:2  | Identified the mace of Anger {speed, rC+ MR Dex+2 Int-2} (You found it in an ice cave)
 50230 | Vault:3  | Found a staircase to the Crypt.
 50448 | Vault:3  | Received a gift from Okawaru
 50648 | Vault:3  | Reached skill level 24 in Shields
 50898 | Vault:3  | Reached skill level 15 in Maces & Flails
 50932 | Vault:3  | Received a gift from Okawaru
 50935 | Vault:3  | Got a shimmering banded mail {god gift}
 52227 | Vault:5  | Reached XP level 19. HP: 163/174 MP: 26/26
 52275 | Vault:5  | Noticed Frederick
 52300 | Vault:5  | Defeated Frederick
 52531 | Vault:5  | Found a staircase to the Hall of Blades.
 52692 | Vault:5  | Received a gift from Okawaru
 52715 | Vault:5  | Identified the -2 banded mail "Uxkel" {god gift} (Okawaru gifted it to you on level 3 of the Vaults)
 53170 | Blade    | Entered the Hall of Blades
 54445 | Vault:6  | Reached XP level 20. HP: 180/187 MP: 27/27
 54454 | Vault:6  | Identified a scroll of acquirement
 55407 | Swamp:2  | Noticed Snorg
 55427 | Swamp:2  | Defeated Snorg
 55445 | Swamp:2  | Defeated Nikola
 55445 | Swamp:2  | Reached skill level 25 in Shields
 55449 | Swamp:2  | Got a pair of faintly humming gloves
 55457 | Swamp:2  | Identified the cursed -3 pair of gloves of Boredom (You took it off Nikola on level 2 of the Swamp)
 55751 | Swamp:3  | Received a gift from Okawaru
 55758 | Swamp:3  | Got an ancient helmet {god gift}
 55762 | Swamp:3  | Identified the +0 helmet of the Spheres {god gift} (Okawaru gifted it to you on level 3 of the Swamp)
 57066 | Swamp:4  | Noticed Mara
 57518 | Snake:5  | Entered Level 5 of the Snake Pit
 58484 | Snake:5  | Reached skill level 10 in Traps & Doors
 58497 | Snake:5  | Received a gift from Okawaru
 59158 | Snake:5  | Got a serpentine rune of Zot
 60242 | D:21     | Received a gift from Okawaru
 60247 | D:21     | Got a smelly skin {god gift}
 60329 | D:21     | Found a one-way gate to the infinite horrors of the Abyss.
 60883 | D:21     | Found a one-way gate leading to the halls of Pandemonium.
 61334 | D:22     | Found Jiunn's Magic Scroll Shop.
 61432 | D:22     | Bought a scroll of enchant weapon I for 60 gold pieces
 61647 | D:22     | Reached XP level 21. HP: 198/198 MP: 27/27
 61989 | D:22     | Received a gift from Okawaru
 62896 | D:23     | Got a dirty hat
 62901 | D:23     | Identified the +2 hat of the Alchemist (You found it on level 23 of the Dungeon)
 63165 | D:23     | Got an encrusted cloak
 63169 | D:23     | Identified the cursed +3 cloak of Decompression (You found it on level 23 of the Dungeon)
 63574 | D:24     | Found a radiant altar of Vehumet.
 63924 | D:24     | Received a gift from Okawaru
 64522 | D:25     | Entered Level 25 of the Dungeon
 64691 | D:25     | Noticed a vapour
 64701 | D:25     | Defeated a vapour
 65403 | D:25     | Noticed a vapour
 65415 | D:25     | Defeated a vapour
 65531 | D:25     | Noticed Boris
 65544 | D:25     | Defeated Boris
 65554 | D:25     | Noticed a vapour
 65561 | D:25     | Defeated a vapour
 65616 | D:25     | Noticed a vapour
 65696 | D:25     | Defeated a vapour
 65855 | D:26     | Reached XP level 22. HP: 206/210 MP: 27/27
 66089 | D:26     | Noticed an orc warlord
 66113 | D:26     | Defeated an orc warlord
 66156 | D:26     | Found a roughly hewn altar of Beogh.
 66258 | D:26     | Received a gift from Okawaru
 66544 | D:26     | Noticed Wiglaf
 66553 | D:26     | Defeated Wiglaf
 66580 | D:26     | Noticed Mennas
 66616 | D:26     | Defeated Mennas
 66639 | D:26     | Found Etyleym's Book Emporium.
 67309 | D:27     | Entered Level 27 of the Dungeon
 67495 | D:27     | Noticed Engwar's ghost (awesomely powerful DEWz)
 67751 | D:23     | Received a gift from Okawaru
 67754 | D:23     | Got a faintly humming scale mail {god gift}
 68549 | Lair:2   | Gained mutation: Your muscles are strong (Str +1).
 68550 | Lair:2   | Gained mutation: You are frail (-10% HP).
 68954 | Swamp:4  | Noticed Kirke
 68963 | Swamp:4  | Defeated Kirke
 69033 | Swamp:4  | Noticed sirdond's illusion
 69043 | Swamp:4  | Defeated Mara
 69124 | Swamp:4  | Defeated sirdond's illusion
 69455 | Swamp:5  | Entered Level 5 of the Swamp
 69758 | Swamp:5  | Got a graven book
 69762 | Swamp:5  | Identified the Reference Book on Transmutation (You found it on level 5 of the Swamp)
 70442 | Swamp:5  | Got a decaying rune of Zot
 71148 | Vault:3  | Reached XP level 23. HP: 199/199 MP: 28/28
 71881 | Vault:7  | Noticed Boris
 72055 | Vault:7  | Defeated Boris
 72753 | Vault:7  | Noticed Margery
 72763 | Vault:7  | Defeated Margery
 72778 | Vault:7  | Received a gift from Okawaru
 73097 | Vault:7  | Found Ewo Tano's Magic Scroll Shoppe.
 73178 | Vault:7  | Bought a scroll of magic mapping for 56 gold pieces
 73178 | Vault:7  | Bought a scroll of amnesia for 88 gold pieces
 73178 | Vault:7  | Bought a scroll of recharging for 88 gold pieces
 73266 | Vault:8  | Entered Level 8 of the Vaults
 73266 | Vault:8  | Noticed a golden dragon
 73747 | Vault:7  | Defeated a golden dragon
 73808 | Vault:8  | Reached skill level 26 in Armour
 73810 | Vault:8  | Noticed an iron dragon
 73824 | Vault:8  | Defeated an iron dragon
 73885 | Vault:8  | Reached XP level 24. HP: 205/214 MP: 29/29
 73925 | Vault:8  | Reached XP level 23. HP: 205/205 MP: 28/28
 75186 | Vault:8  | Reached skill level 27 in Armour
 75301 | Vault:8  | Noticed a pulsating lump
 75305 | Vault:8  | A pulsating lump changed into a lindwurm
 75482 | Vault:8  | Got a silver rune of Zot
 75665 | Vault:8  | Noticed a deep elf death mage
 75678 | Vault:8  | Defeated a deep elf death mage
 75710 | Vault:8  | Reached XP level 22. HP: 197/199 MP: 27/27
 75712 | Vault:8  | Reached XP level 23. HP: 205/207 MP: 28/28
 75718 | Vault:8  | Identified a +7 rod of destruction [ice] (14/14) (You found it on level 8 of the Vaults)
 75757 | Vault:8  | Received a gift from Okawaru
 75790 | Vault:8  | A sea snake changed into a pulsating lump
 75793 | Vault:8  | A pulsating lump changed into a slime creature
 75795 | Vault:8  | A slime creature changed into a shining eye
 75801 | Vault:8  | Defeated a shining eye
 75934 | Vault:8  | Noticed a pulsating lump
 75939 | Vault:8  | A pulsating lump changed into an emperor scorpion
 76008 | Vault:8  | Noticed a deep elf demonologist
 76008 | Vault:8  | Reached XP level 22. HP: 199/199 MP: 27/27
 76027 | Vault:8  | Defeated a deep elf demonologist
 77139 | Elf:1    | Entered Level 1 of the Elven Halls
 77352 | Elf:1    | Found Freposoa's Magical Wand Shop.
 77363 | Elf:1    | Bought a wand of digging (12) for 352 gold pieces
 77363 | Elf:1    | Bought a wand of healing (3) for 462 gold pieces
 77367 | Elf:1    | Bought a wand of fire (9) for 286 gold pieces
 77427 | Elf:1    | Noticed an orc priest
 77436 | Elf:1    | Defeated an orc priest
 78184 | Elf:2    | Received a gift from Okawaru
 78201 | Elf:2    | Got a crude crystal plate mail {god gift}
 78236 | Elf:1    | Identified the +0 crystal plate mail of Agnosticism {god gift} (Okawaru gifted it to you on level 2 of the Elven Halls)
 78394 | Elf:2    | Noticed Grum
 78429 | Elf:2    | Defeated Grum
 78659 | Elf:3    | Got a crystal mace
 78660 | Elf:3    | Identified the mace of a Hundred Realms {drain, rC+} (You found it on level 3 of the Elven Halls)
 78795 | Elf:3    | Noticed an orc priest
 78804 | Elf:3    | Defeated an orc priest
 80693 | Elf:4    | Received a gift from Okawaru
 80884 | Elf:4    | Noticed an orc priest
 80891 | Elf:4    | Defeated an orc priest
 80894 | Elf:4    | Noticed an orc priest
 80897 | Elf:4    | Defeated an orc priest
 81158 | Elf:5    | Entered Level 5 of the Elven Halls
 82172 | Elf:5    | Noticed a deep elf blademaster
 82271 | Elf:5    | Gained mutation: You are dopey (Int -1).
 82601 | Elf:5    | Noticed a deep elf master archer
 82625 | Elf:5    | Defeated a deep elf master archer
 83255 | Elf:5    | Defeated a deep elf blademaster
 83281 | Elf:5    | Received a gift from Okawaru
 83524 | Elf:5    | Noticed a deep elf master archer
 83538 | Elf:5    | Reached skill level 27 in Fighting
 83558 | Elf:5    | Defeated a deep elf master archer
 84935 | Elf:5    | Noticed a deep elf blademaster
 84992 | Elf:5    | Defeated a deep elf blademaster
 84996 | Elf:5    | Reached XP level 23. HP: 213/213 MP: 28/28
 85111 | Elf:5    | Got a rare book
 85112 | Elf:5    | Identified the Volume of Malediction (You found it on level 5 of the Elven Halls)
 85139 | Elf:5    | Reached XP level 22. HP: 205/205 MP: 27/27
 85154 | Elf:5    | Got a yellowed book
 85616 | Lair:2   | Identified Faizxo's Compendium of Summoning (You found it on level 5 of the Elven Halls)
 85917 | Hell     | Entered the Vestibule of Hell
 85917 | Hell     | Noticed Geryon
 85938 | Hell     | Defeated Geryon
 85938 | Hell     | Reached XP level 23. HP: 213/213 MP: 28/28 86767
                  | trove
                  | Entered a treasure trove 86778
                  | trove
                  | Got a steaming helmet 86782
                  | trove
                  | Got a pair of transparent gloves
 86820 | D:14     | Identified the +2 helmet of Evigats (You found it in a treasure trove)
 86824 | D:14     | Identified the +2 pair of gloves of the Rose (You found it in a treasure trove)
 87693 | D:27     | Defeated Engwar's ghost
 87931 | D:27     | Received a gift from Okawaru
 87934 | D:27     | Got a crystal mace {god gift}
 87935 | D:27     | Identified the mace of Crawling {god gift, freeze, rN+ SInv} (Okawaru gifted it to you on level 27 of the Dungeon)
 88878 | D:27     | Noticed a quicksilver dragon
 88905 | D:27     | Defeated a quicksilver dragon
 88960 | D:27     | Noticed a golden dragon
 88993 | D:27     | Defeated a golden dragon
 89088 | Zot:1    | Entered Level 1 of the Realm of Zot
 90001 | Temple   | Entered the Ecumenical Temple
 90120 | Temple   | Fell from the grace of Okawaru
 90120 | Temple   | Was placed under penance by Okawaru
 90120 | Temple   | Became a worshipper of The Shining One
 90515 | Crypt:1  | Entered Level 1 of the Crypt
 90988 | Crypt:1  | Reached XP level 24. HP: 223/223 MP: 29/29
 91015 | Crypt:1  | Acquired The Shining One's first power
 91070 | Crypt:1  | Noticed Khufu
 91257 | Crypt:2  | Found a staircase to the Tomb.
 91401 | Crypt:2  | Found a basalt altar of Yredelemnul.
 92144 | Crypt:4  | Noticed Boris
 92149 | Crypt:4  | Defeated Boris
 92177 | Crypt:4  | Acquired The Shining One's second power
 92422 | Crypt:4  | Lost mutation: Your muscles are strong (Str +1).
 92422 | Crypt:4  | Lost mutation: You are frail (-10% HP).
 92422 | Crypt:4  | Lost mutation: You are dopey (Int -1).
 92802 | Crypt:5  | Entered Level 5 of the Crypt
 93556 | Crypt:5  | Acquired The Shining One's third power
 93635 | Crypt:5  | Found a basalt altar of Yredelemnul.
 93852 | Crypt:5  | Noticed a lich
 94261 | Crypt:5  | Acquired The Shining One's fourth power
 94265 | Crypt:5  | Reached skill level 10 in Invocations
 94293 | Crypt:5  | Noticed an ancient lich
 94347 | Crypt:5  | Defeated an ancient lich
 94450 | Crypt:5  | Defeated a lich
 94693 | Crypt:5  | Got a transparent hammer
 95219 | Hive:1   | Identified the hammer "Tryuppyck" {crush, +Rage rPois Int+2 SInv} (You found it on level 5 of the Crypt)
 95801 | Crypt:1  | Defeated Khufu
 95801 | Crypt:1  | Noticed a reaper
 95809 | Crypt:1  | Defeated a reaper
 95819 | Crypt:1  | Reached XP level 25. HP: 197/257 MP: 1/32
 96754 | Zot:1    | Got a heavily runed chain mail
 99069 | Zot:3    | Reached XP level 26. HP: 265/265 MP: 35/35
 99425 | Zot:3    | Noticed an orb of fire
 99436 | Zot:3    | Defeated an orb of fire
 99436 | Zot:3    | Reached skill level 27 in Maces & Flails
 99790 | Zot:3    | Reached skill level 10 in Evocations
100792 | Zot:5    | Entered Level 5 of the Realm of Zot
100831 | Zot:5    | Reached skill level 5 in Spellcasting
101132 | Zot:5    | Identified the +2 chain mail "Luethriv" (You found it on level 1 of the Realm of Zot)
101710 | Tar:1    | Entered Level 1 of Tartarus
102128 | Tar:3    | Reached XP level 27. HP: 209/275 MP: 36/36
103150 | Tar:6    | Gained mutation: You are frail (-10% HP).
103171 | Tar:7    | Entered Level 7 of Tartarus
103264 | Tar:7    | Reached skill level 15 in Evocations
104226 | Tar:7    | Noticed Ereshkigal
104688 | Tar:7    | Defeated Ereshkigal
104690 | Tar:7    | Got a torn book
104692 | Tar:7    | Got a black ring
104696 | Tar:7    | Got a bone rune of Zot
104699 | Tar:7    | Got a transparent glass ring
105326 | Tar:7    | Got a dazzling hammer
105349 | Tar:7    | Got a heavily runed sapphire amulet
105460 | Hell     | Identified the +4,+3 hammer of Sloth (You found it on level 7 of Tartarus)
105461 | Hell     | Identified the ring of Shadows {+Inv EV+4} (You found it on level 7 of Tartarus)
105461 | Hell     | Identified the ring of Starshine (You found it on level 7 of Tartarus)
105461 | Hell     | Identified the amulet "Goixt" (You found it on level 7 of Tartarus)
105474 | Hell     | Identified the Guide on Venomous Transmutation (You found it on level 7 of Tartarus)
105844 | D:17     | Noticed a naga warrior
105844 | D:17     | Noticed a naga warrior
105844 | D:17     | Noticed a naga warrior
105844 | D:17     | Noticed a stone giant
105850 | D:17     | Defeated a naga warrior
105858 | D:17     | Defeated a stone giant
105860 | D:17     | Defeated a naga warrior
105864 | D:17     | Defeated a naga warrior
106496 | Abyss    | Entered The Abyss
106646 | Abyss    | Noticed a red devil
106650 | Abyss    | Defeated a red devil
106758 | Abyss    | Noticed a vampire
106765 | Abyss    | Defeated a vampire
106803 | Abyss    | Noticed a soul eater
106809 | Abyss    | Defeated a soul eater
106820 | Abyss    | Noticed a black draconian
106821 | Abyss    | Noticed a green ugly thing
106832 | Abyss    | Noticed a green ugly thing
106833 | Abyss    | Defeated a green ugly thing
106835 | Abyss    | Defeated a green ugly thing
106839 | Abyss    | Defeated a black draconian
106992 | Abyss    | Noticed a Daeva
107092 | Abyss    | Noticed an earth elemental
107099 | Abyss    | Defeated an earth elemental
107210 | Abyss    | Noticed a naga mage
107220 | Abyss    | Defeated a naga mage
107345 | Abyss    | Noticed an iron golem
107356 | Abyss    | Defeated an iron golem
107424 | Abyss    | Noticed a deep dwarf
107428 | Abyss    | Defeated a deep dwarf
107431 | Abyss    | Noticed a deep dwarf
107437 | Abyss    | Defeated a deep dwarf
107440 | Abyss    | Noticed a deep dwarf scion
107448 | Abyss    | Defeated a deep dwarf scion
107518 | Abyss    | Noticed a shining eye
107525 | Abyss    | Defeated a shining eye
107533 | Abyss    | Noticed an unborn deep dwarf
107540 | Abyss    | Defeated an unborn deep dwarf
107574 | Abyss    | Noticed a fire elemental
107579 | Abyss    | Defeated a fire elemental
107581 | Abyss    | Noticed a pale draconian annihilator
107591 | Abyss    | Defeated a pale draconian annihilator
107817 | Abyss    | Reached skill level 10 in Spellcasting
107892 | Abyss    | Noticed an ice beast
107978 | Abyss    | Noticed a flayed ghost
107987 | Abyss    | Defeated a flayed ghost
108254 | Abyss    | Noticed an iron golem
108270 | Abyss    | Defeated an iron golem
108330 | Abyss    | Noticed a great orb of eyes
108338 | Abyss    | Defeated a great orb of eyes
108547 | Abyss    | Noticed a silent spectre
108551 | Abyss    | Defeated a silent spectre
108977 | Abyss    | Noticed a reaper
108979 | Abyss    | Defeated a reaper
109087 | Abyss    | Noticed a wood golem
109092 | Abyss    | Noticed a white ugly thing
109094 | Abyss    | Defeated a white ugly thing
109096 | Abyss    | Defeated a wood golem
109099 | Abyss    | Noticed a wizard
109099 | Abyss    | Noticed a white ugly thing
109101 | Abyss    | Defeated a white ugly thing
109102 | Abyss    | Noticed a white ugly thing
109102 | Abyss    | Defeated a white ugly thing
109105 | Abyss    | Defeated a wizard
109107 | Abyss    | Noticed an ice beast
109111 | Abyss    | Defeated an ice beast
109208 | Abyss    | Noticed a minotaur simulacrum
109215 | Abyss    | Defeated a minotaur simulacrum
109259 | Abyss    | Noticed a reaper
109269 | Abyss    | Defeated a reaper
109607 | Abyss    | Defeated a naga warrior
109689 | Abyss    | Noticed an iron golem
109702 | Abyss    | Defeated an iron golem
109889 | Abyss    | Noticed a grey draconian
109904 | Abyss    | Defeated a grey draconian
109992 | Abyss    | Noticed a white draconian caller
109997 | Abyss    | Noticed a death drake
110002 | Abyss    | Defeated a white draconian caller
110052 | Abyss    | Noticed an air elemental
110058 | Abyss    | Defeated an air elemental
110069 | Abyss    | Got a warped plate mail
110104 | Abyss    | Noticed a toenail golem
110117 | Abyss    | Defeated a toenail golem
110214 | Abyss    | Got an abyssal rune of Zot
110348 | Abyss    | Noticed an eidolon
110359 | Abyss    | Defeated an eidolon
110402 | Abyss    | Noticed a red draconian caller
110409 | Abyss    | Defeated a red draconian caller
110524 | Abyss    | Identified a +7 rod of destruction [inacc,magma,cold] (9/9) (You found it in the Abyss)
110597 | Abyss    | Noticed a deep dwarf scion
110599 | Abyss    | Noticed a deep dwarf
110600 | Abyss    | Noticed a deep dwarf
110605 | Abyss    | Defeated a deep dwarf
110608 | Abyss    | Defeated a deep dwarf scion
110612 | Abyss    | Defeated a deep dwarf
110686 | Abyss    | Noticed a purple draconian
110694 | Abyss    | Defeated a purple draconian
110738 | Abyss    | Noticed a soul eater
110745 | Abyss    | Defeated a soul eater
110899 | Abyss    | Noticed a wizard
110906 | Abyss    | Defeated a wizard
111005 | Abyss    | Noticed a reaper
111014 | Abyss    | Defeated a reaper
111123 | D:21     | You pass through the gate.
111465 | Lair:2   | Got an ancient large shield
111466 | Lair:2   | Identified the +0 large shield "Gaebb" (You acquired it on level 2 of the Lair of Beasts)
111507 | Lair:2   | Identified the +9 plate mail of the Twelve Blessings (You found it in the Abyss)
111925 | Tar:1    | Was forgiven by Okawaru
114383 | Dis:1    | Entered Level 1 of the Iron City of Dis
115016 | Dis:7    | Entered Level 7 of the Iron City of Dis
115985 | Dis:7    | Noticed a Fiend
115987 | Dis:7    | Defeated a Fiend
115997 | Dis:7    | Identified a +1 rod of summoning (10/10) (You found it on level 7 of the Iron City of Dis)
116103 | Dis:7    | Noticed a Fiend
116107 | Dis:7    | Defeated a Fiend
116233 | Dis:7    | Got a colourful book
116236 | Dis:7    | Identified the Almanac of Good Luck and Evil Secrets (You found it on level 7 of the Iron City of Dis)
116441 | Dis:7    | Noticed a Fiend
116447 | Dis:7    | Defeated a Fiend
116795 | Dis:7    | Noticed an iron dragon
116817 | Dis:7    | Defeated an iron dragon
116838 | Dis:7    | Noticed an iron dragon
116846 | Dis:7    | Defeated an iron dragon
116998 | Dis:7    | Noticed Dispater
116998 | Dis:7    | Noticed an iron dragon
116999 | Dis:7    | Noticed a Fiend
117074 | Dis:7    | Defeated Dispater
117246 | Dis:7    | Defeated a Fiend
117301 | Dis:7    | Defeated an iron dragon
117346 | Dis:7    | Got a transparent pewter ring
117349 | Dis:7    | Got a jewelled dire flail
117351 | Dis:7    | Got an iron rune of Zot
117415 | Dis:7    | Got a golden staff
117483 | Hell     | Identified the ring of Holluobiw (You found it on level 7 of the Iron City of Dis)
118059 | Slime:1  | Entered Level 1 of the Pits of Slime
118510 | Slime:2  | Paralysed by a giant eyeball for 4 turns
118794 | Slime:4  | Paralysed by a giant eyeball for 4 turns
119738 | Slime:5  | Paralysed by a giant eyeball for 4 turns
119963 | Slime:5  | Paralysed by a giant eyeball for 2 turns
120110 | Slime:4  | Paralysed by a giant eyeball for 2 turns
120111 | Slime:4  | Gained mutation: Space occasionally distorts in your vicinity.
120112 | Slime:4  | Gained mutation: You have a fast metabolism.
120119 | Slime:4  | Paralysed by a giant eyeball for 4 turns
120648 | Slime:3  | Paralysed by a giant eyeball for 4 turns
120754 | Slime:3  | Paralysed by a giant eyeball for 2 turns
121155 | Lair:2   | Lost mutation: You have a fast metabolism.
121155 | Lair:2   | Lost mutation: Space occasionally distorts in your vicinity.
121155 | Lair:2   | Lost mutation: You are frail (-10% HP).
121546 | Slime:5  | Paralysed by a giant eyeball for 4 turns
121881 | Slime:6  | Entered Level 6 of the Pits of Slime
122165 | Slime:6  | Reached skill level 15 in Spellcasting
122221 | Slime:6  | Noticed the royal jelly
122281 | Slime:6  | Found a viscous altar of Jiyva.
122504 | Slime:6  | Paralysed by a giant eyeball for 2 turns
122507 | Slime:6  | Paralysed by a giant eyeball for 2 turns
122634 | Slime:6  | Defeated the royal jelly
123031 | Slime:6  | Paralysed by a giant eyeball for 3 turns
123038 | Slime:6  | Paralysed by a giant eyeball for 2 turns
123134 | Slime:6  | Got a shield-shaped amulet
123143 | Slime:6  | Identified a -3 rod of striking (8/8) (You found it on level 6 of the Pits of Slime)
123163 | Slime:6  | Got a smoking splint mail
123167 | Slime:6  | Got a twitching amethyst amulet
123181 | Slime:6  | Identified the brooch of Shielding (You found it on level 6 of the Pits of Slime)
123181 | Slime:6  | Identified the amulet "Yryjuofu" (You found it on level 6 of the Pits of Slime)
123181 | Slime:6  | Identified the cursed -9 splint mail of the Frog (You found it on level 6 of the Pits of Slime)
123194 | Slime:6  | Got a fine helmet
123202 | Slime:6  | Got a conspicuous book
123232 | Slime:6  | Got an iridescent spiked flail
123233 | Slime:6  | Identified the spiked flail of Purpose {elec, rC+} (You found it on level 6 of the Pits of Slime)
123236 | Slime:6  | Got a slimy rune of Zot
123263 | Slime:6  | Identified the Incunabulum of Black Rites (You found it on level 6 of the Pits of Slime)
123285 | Slime:6  | Identified the +1 helmet of the Stars (You found it on level 6 of the Pits of Slime)
123290 | Slime:6  | Got a smoking flail
123291 | Slime:6  | Identified the flail of Psychosis {freeze, Str+3} (You found it on level 6 of the Pits of Slime)
123307 | Slime:6  | Got an ichor-stained splint mail
123664 | Lair:2   | Identified the cursed -1 splint mail "Klocs" (You found it on level 6 of the Pits of Slime)
123789 | D:9      | Bought a scroll of recharging for 60 gold pieces
123789 | D:9      | Bought a scroll of recharging for 60 gold pieces
123789 | D:9      | Bought a scroll of identify for 22 gold pieces
123789 | D:9      | Bought a scroll of identify for 22 gold pieces
123789 | D:9      | Bought a scroll of identify for 22 gold pieces
124589 | Coc:1    | Entered Level 1 of Cocytus
125017 | Coc:7    | Entered Level 7 of Cocytus
125909 | Coc:7    | Noticed Pergamon's ghost (legendary CeWn)
125922 | Coc:7    | Defeated Pergamon's ghost
126159 | Coc:7    | Noticed Antaeus
126209 | Coc:7    | Defeated Antaeus
126224 | Coc:7    | Got a wavering wooden ring
126226 | Coc:7    | Got a warped tin ring
126228 | Coc:7    | Got a brightly glowing flail
126462 | Hell     | Identified the ring "Masm" (You found it on level 7 of Cocytus)
126463 | Hell     | Identified the ring "Vestrav" (You found it on level 7 of Cocytus)
126463 | Hell     | Identified the cursed -3,+4 flail of Demand (You found it on level 7 of Cocytus)
126529 | Geh:1    | Entered Level 1 of Gehenna
126689 | Geh:2    | Reached skill level 27 in Evocations
127327 | Geh:7    | Entered Level 7 of Gehenna
127500 | Geh:7    | Noticed a Fiend
127512 | Geh:7    | Defeated a Fiend
127686 | Geh:7    | Noticed a Fiend
127689 | Geh:7    | Defeated a Fiend
127694 | Geh:7    | Noticed a fire crab
127699 | Geh:7    | Defeated a fire crab
127815 | Geh:7    | Noticed the Serpent of Hell
127821 | Geh:7    | Defeated the Serpent of Hell
127821 | Geh:7    | Reached skill level 5 in Dodging
128226 | Geh:7    | Noticed a Fiend
128234 | Geh:7    | Defeated a Fiend
128338 | Geh:7    | Noticed a Fiend
128347 | Geh:7    | Defeated a Fiend
128353 | Geh:7    | Noticed a Fiend
128354 | Geh:7    | Noticed a Fiend
128363 | Geh:7    | Defeated a Fiend
128381 | Geh:7    | Noticed Asmodeus
128389 | Geh:7    | Defeated a Fiend
128404 | Geh:7    | Noticed a Fiend
128404 | Geh:7    | Noticed an efreet
128408 | Geh:7    | Defeated a Fiend
128418 | Geh:7    | Defeated Asmodeus
128426 | Geh:7    | Defeated an efreet
128429 | Geh:7    | Got a ruby sceptre
128619 | Geh:7    | Gained mutation: You are weak (Str -1).
128737 | Geh:7    | Got an obsidian rune of Zot
129439 | D:18     | Bought a meat ration for 48 gold pieces
129439 | D:18     | Bought a meat ration for 48 gold pieces
129439 | D:18     | Bought a meat ration for 48 gold pieces
129439 | D:18     | Bought a bread ration for 48 gold pieces
129439 | D:18     | Bought a bread ration for 48 gold pieces
129571 | Vault:2  | Bought a bread ration for 52 gold pieces
129571 | Vault:2  | Bought a bread ration for 52 gold pieces
129571 | Vault:2  | Bought a bread ration for 52 gold pieces
129571 | Vault:2  | Bought a bread ration for 52 gold pieces
129802 | Pan      | Entered Pandemonium
130121 | Pan      | Noticed Yrauxuuw the pandemonium lord
130138 | Pan      | Defeated Yrauxuuw the pandemonium lord
130359 | Pan      | Entered the realm of Mnoleg.
130759 | Pan      | Gained mutation: Armour fits poorly on your unusually shaped body.
130908 | Pan      | Gained mutation: Your body is slowly deteriorating.
131057 | Pan      | Noticed Mnoleg
131066 | Pan      | Gained mutation: You occasionally shout uncontrollably.
131077 | Pan      | Defeated Mnoleg
131128 | Pan      | Got a glowing rune of Zot
131566 | Pan      | Gained mutation: Armour fits poorly on your deformed body.
131646 | Pan      | Gained mutation: Your vision is a little blurry.
131666 | Pan      | Gained mutation: Armour fits poorly on your badly deformed body.
132042 | Pan      | You are cast into the Abyss!
132042 | Pan      | Cast into the Abyss (distortion unwield)
132141 | Abyss    | Noticed a tormentor
132144 | Abyss    | Defeated a tormentor
132237 | Abyss    | Noticed a Pit Fiend
132248 | Abyss    | Defeated a Pit Fiend
132281 | Abyss    | Noticed a red draconian monk
132373 | Abyss    | Got a smoking steel ring
132375 | Abyss    | Identified the ring "Raisch" (You found it in the Abyss)
132393 | Abyss    | Noticed an eye of devastation
132400 | Abyss    | Defeated an eye of devastation
132479 | Abyss    | Noticed a deep dwarf necromancer
132479 | Abyss    | Noticed a deep dwarf necromancer
132481 | Abyss    | Noticed a deep dwarf death knight
132482 | Abyss    | Noticed a deep dwarf
132484 | Abyss    | Noticed a deep dwarf
132489 | Abyss    | Noticed a deep dwarf
132490 | Abyss    | Defeated a deep dwarf
132494 | Abyss    | Defeated a deep dwarf
132497 | Abyss    | Defeated a deep dwarf death knight
132498 | Abyss    | Defeated a deep dwarf necromancer
132501 | Abyss    | Defeated a deep dwarf
132503 | Abyss    | Defeated a deep dwarf necromancer
132813 | Abyss    | Noticed a deep dwarf
132814 | Abyss    | Noticed a deep dwarf
132815 | Abyss    | Noticed a deep dwarf scion
132972 | Abyss    | Noticed an eidolon
132980 | Abyss    | Defeated an eidolon
133314 | Abyss    | Noticed a tormentor
133331 | Abyss    | Defeated a tormentor
133419 | Abyss    | Noticed a red devil
133425 | Abyss    | Defeated a red devil
133902 | Abyss    | Noticed a naga warrior
133910 | Abyss    | Defeated a naga warrior
134005 | Abyss    | Noticed a tentacled monstrosity
134013 | Abyss    | Defeated a tentacled monstrosity
134111 | Abyss    | Noticed a soul eater
134117 | Abyss    | Defeated a soul eater
134174 | Abyss    | Noticed a jelly
134179 | Abyss    | Defeated a jelly
134195 | D:21     | You pass through the gate.
134262 | Hell     | Lost mutation: You occasionally shout uncontrollably.
134262 | Hell     | Lost mutation: You are weak (Str -1).
134262 | Hell     | Lost mutation: Your vision is a little blurry.
134262 | Hell     | Lost mutation: Your body is slowly deteriorating.
134262 | Hell     | Lost mutation: Armour fits poorly on your badly deformed body.
134830 | Pan      | Noticed Jicewumu the pandemonium lord
134838 | Pan      | Defeated Jicewumu the pandemonium lord
135247 | Pan      | Noticed Clol the pandemonium lord
135445 | Pan      | Defeated Clol the pandemonium lord
135940 | Pan      | Noticed Feoggotu the pandemonium lord
135971 | Pan      | Defeated Feoggotu the pandemonium lord
136873 | Pan      | Reached skill level 15 in Invocations
138629 | Pan      | Noticed Grauq the pandemonium lord
138665 | Pan      | HP: 2/277 [Fiend/blast of hellfire (46)]
138679 | Pan      | Gained mutation: Your magical capacity is low (-10% MP).
138684 | Pan      | Defeated Grauq the pandemonium lord
138690 | Pan      | The Shining One protects you from harm!
139528 | Pan      | Found a gateway to a ziggurat.
139571 | Pan      | Found a gateway to a ziggurat.
139840 | Pan      | Entered the realm of Gloorx Vloq.
139852 | Pan      | Noticed Gloorx Vloq
139861 | Pan      | Defeated Gloorx Vloq
139925 | Pan      | Got a dark rune of Zot
140980 | Pan      | Noticed Vyaffid the pandemonium lord
140989 | Pan      | Defeated Vyaffid the pandemonium lord
141131 | Pan      | Noticed Ignacio
141146 | Pan      | Defeated Ignacio
141161 | Pan      | Lost mutation: Your magical capacity is low (-10% MP).
141161 | Pan      | Lost mutation: Armour fits poorly on your deformed body.
141161 | Pan      | Lost mutation: Armour fits poorly on your unusually shaped body.
142319 | Pan      | Noticed Neekh the pandemonium lord
142337 | Pan      | Defeated Neekh the pandemonium lord
143572 | Pan      | Noticed Thrixtaff the pandemonium lord
143579 | Pan      | Defeated Thrixtaff the pandemonium lord
143917 | Pan      | Entered the realm of Lom Lobon.
144714 | Pan      | Noticed Lom Lobon
144753 | Pan      | Defeated Lom Lobon
144775 | Pan      | Got a magical rune of Zot
145699 | Pan      | Noticed Bluihetz the pandemonium lord
145881 | Pan      | Defeated Bluihetz the pandemonium lord
146040 | Pan      | Got a demonic rune of Zot
146496 | Pan      | Noticed Ytzyofou the pandemonium lord
146518 | Pan      | Defeated Ytzyofou the pandemonium lord
146713 | Pan      | Noticed Zink the pandemonium lord
146943 | Pan      | Defeated Zink the pandemonium lord
147375 | Pan      | Entered the realm of Cerebov.
148025 | Pan      | Noticed Cerebov
148059 | Pan      | Defeated Cerebov
148636 | Pan      | Got a great serpentine sword
148681 | Pan      | Got a fiery rune of Zot
148796 | Pan      | Gained mutation: You tend to lose your temper in combat.
148846 | Pan      | Lost mutation: You tend to lose your temper in combat.
148882 | Pan      | Got an ichor-stained ankus
148883 | Pan      | Identified the cursed ankus of Defenestration {pierce, Str+4} (You found it in Pandemonium)
149311 | Pan      | Got a brightly glowing glass ring
149321 | Pan      | Identified the ring "Cleufyt" (You found it in Pandemonium)
149794 | Pan      | Found a gateway to a ziggurat.
149873 | Pan      | Gained mutation: You have a fast metabolism.
149884 | Pan      | You are cast into the Abyss!
149884 | Pan      | Cast into the Abyss (distortion unwield)
150003 | Abyss    | Noticed a deep dwarf artificer
150003 | Abyss    | Noticed a spiny worm
150006 | Abyss    | Noticed a deep dwarf
150006 | Abyss    | Noticed a deep dwarf berserker
150007 | Abyss    | Noticed a deep dwarf
150008 | Abyss    | Defeated a deep dwarf artificer
150016 | Abyss    | Defeated a deep dwarf
150019 | Abyss    | Defeated a deep dwarf
150027 | Abyss    | Defeated a deep dwarf berserker
150037 | Abyss    | Defeated a spiny worm
150071 | Abyss    | Noticed a deep dwarf
150074 | Abyss    | Noticed a deep dwarf scion
150077 | Abyss    | Defeated a deep dwarf
150080 | Abyss    | Defeated a deep dwarf scion
150220 | Abyss    | Noticed a purple draconian
150229 | Abyss    | Defeated a purple draconian
150272 | Abyss    | Noticed a red ugly thing
150273 | Abyss    | Noticed a red ugly thing
150388 | Abyss    | Noticed a red ugly thing
150391 | Abyss    | Noticed a red ugly thing
150394 | Abyss    | Defeated a red ugly thing
150401 | Abyss    | Defeated a red ugly thing
150559 | Abyss    | Noticed an iron devil
150567 | Abyss    | Defeated an iron devil
150737 | Abyss    | Noticed a tormentor
150743 | Abyss    | Defeated a tormentor
150835 | Abyss    | Noticed a deep dwarf scion
151250 | Abyss    | Noticed a deep dwarf scion
151253 | Abyss    | Defeated a deep dwarf scion
151348 | Abyss    | Noticed a black draconian scorcher
151354 | Abyss    | Defeated a black draconian scorcher
151506 | Abyss    | Noticed a wizard
151513 | Abyss    | Defeated a wizard
151526 | Abyss    | Noticed a red devil
151528 | Abyss    | Defeated a red devil
151615 | Abyss    | Noticed a brown ugly thing
151620 | Abyss    | Defeated a brown ugly thing
151681 | Abyss    | Noticed a six-headed hydra simulacrum
151696 | Abyss    | Noticed a red devil
151701 | Abyss    | Defeated a red devil
151799 | Abyss    | Noticed a white draconian simulacrum
151811 | Abyss    | Defeated a white draconian simulacrum
151880 | Abyss    | Noticed a clay golem
151888 | Abyss    | Defeated a clay golem
151889 | Abyss    | Noticed a grey draconian annihilator
151889 | Abyss    | Noticed a sky beast
151894 | Abyss    | Defeated a sky beast
151933 | Abyss    | Defeated a grey draconian annihilator
151937 | Abyss    | Noticed a giant eyeball
151942 | Abyss    | Paralysed by a giant eyeball for 3 turns
151946 | Abyss    | Defeated a giant eyeball
151989 | D:21     | You pass through the gate.
152457 | D:9      | Bought a scroll of recharging for 60 gold pieces
152586 | Orc:3    | Bought a meat ration for 48 gold pieces
152586 | Orc:3    | Bought a meat ration for 48 gold pieces
152586 | Orc:3    | Bought a meat ration for 48 gold pieces
152586 | Orc:3    | Bought a meat ration for 48 gold pieces
152988 | Vault:5  | Identified a +0 pair of boots of running {god gift} (Okawaru gifted it to you on level 5 of the Vaults)
153142 | Hive:1   | Got a steaming tin ring
153143 | Hive:1   | Identified the ring of Syhi (You acquired it on level 1 of the Hive)
154329 | Tomb:1   | Entered Level 1 of the Tomb of the Ancients
158443 | Pan      | Noticed Shutad the pandemonium lord
158483 | Pan      | Defeated Shutad the pandemonium lord
158662 | Pan      | Got a shimmering jade ring
158663 | Pan      | Identified the ring of Fixation (You found it in Pandemonium)
158823 | Pan      | Gained mutation: You have a very fast metabolism.
159287 | Pan      | Noticed Plirph the pandemonium lord
159292 | Pan      | Reached skill level 15 in Traps & Doors
159317 | Pan      | Defeated Plirph the pandemonium lord
159771 | Pan      | Got a fine glass ring
159772 | Pan      | Identified the ring of Greed (You acquired it in Pandemonium)
160438 | Pan      | Noticed Emyte the pandemonium lord
160465 | Pan      | Defeated Emyte the pandemonium lord
161106 | Pan      | Noticed Jorgh the pandemonium lord
161118 | Pan      | Defeated Jorgh the pandemonium lord
162058 | Pan      | Noticed Twee the pandemonium lord
162487 | Pan      | Defeated Twee the pandemonium lord
162827 | Pan      | Noticed Blint the pandemonium lord
162844 | Pan      | Defeated Blint the pandemonium lord
163473 | Pan      | Noticed Byck the pandemonium lord
163496 | Pan      | Defeated Byck the pandemonium lord
163653 | Pan      | Found a gateway to a ziggurat.
164254 | Pan      | Noticed Lyfuv the pandemonium lord
165073 | Pan      | Defeated Lyfuv the pandemonium lord
165533 | Pan      | Noticed Ychuodal the pandemonium lord
165556 | Pan      | Paralysed by a giant eyeball for 4 turns
165566 | Pan      | Defeated Ychuodal the pandemonium lord
165791 | Pan      | Noticed Tratu the pandemonium lord
165826 | Pan      | Defeated Tratu the pandemonium lord
165830 | Pan      | Gained mutation: Your vision is a little blurry.
166819 | Pan      | Noticed Naon the pandemonium lord
166828 | Pan      | Defeated Naon the pandemonium lord
167213 | Pan      | Gained mutation: Armour fits poorly on your unusually shaped body.
167286 | Pan      | Noticed Wuti the pandemonium lord
167292 | Pan      | Defeated Wuti the pandemonium lord
168115 | Pan      | Noticed Kuasch the pandemonium lord
168126 | Pan      | Defeated Kuasch the pandemonium lord
168375 | Pan      | Noticed Azojyph the pandemonium lord
168399 | Pan      | Defeated Azojyph the pandemonium lord
168399 | Pan      | Reached skill level 10 in Dodging
168690 | Pan      | Lost mutation: You have a very fast metabolism.
168690 | Pan      | Lost mutation: Your vision is a little blurry.
168690 | Pan      | Lost mutation: Armour fits poorly on your unusually shaped body.
168690 | Pan      | Lost mutation: You have a fast metabolism.
169123 | Pan      | Noticed Pewi Fre Soa the pandemonium lord
169147 | Pan      | Defeated Pewi Fre Soa the pandemonium lord
169226 | Pan      | Noticed Botynuca the pandemonium lord
169261 | Pan      | Defeated Botynuca the pandemonium lord
170187 | Pan      | Noticed Wotud the pandemonium lord
170198 | Pan      | Defeated Wotud the pandemonium lord
170402 | Pan      | Noticed Buculurgh the pandemonium lord
170433 | Pan      | Defeated Buculurgh the pandemonium lord
170876 | Pan      | Got a vibrating bronze amulet
170878 | Pan      | Identified the amulet "Diupnoq" (You found it in Pandemonium)
171500 | Pan      | Noticed Nygaoth the pandemonium lord
171509 | Pan      | Defeated Nygaoth the pandemonium lord
172568 | Pan      | Noticed Ditunutzoi the pandemonium lord
172775 | Pan      | Defeated Ditunutzoi the pandemonium lord
173111 | Pan      | Noticed Grocwoq the pandemonium lord
173147 | Pan      | Defeated Grocwoq the pandemonium lord
174200 | Pan      | Noticed Riruf the pandemonium lord
174227 | Pan      | Defeated Riruf the pandemonium lord
174830 | Pan      | Noticed Ijinluhe the pandemonium lord
174837 | Pan      | Defeated Ijinluhe the pandemonium lord
174945 | Pan      | Gained mutation: Your muscles are strong (Str +1).
175378 | Pan      | Found a gateway to a ziggurat.
175450 | Pan      | Noticed Proske the pandemonium lord
175462 | Pan      | Defeated Proske the pandemonium lord
176233 | Pan      | You paid a toll of 4050 gold to enter a ziggurat.
176233 | Zig:1    | Entered level 1 of a ziggurat
176260 | Zig:2    | Entered level 2 of a ziggurat
176297 | Zig:3    | Entered level 3 of a ziggurat
176522 | Zig:4    | Entered level 4 of a ziggurat
176655 | Zig:5    | Entered level 5 of a ziggurat
176692 | Zig:6    | Entered level 6 of a ziggurat
176752 | Zig:6    | Got a slimy turquoise ring
176762 | Zig:6    | Identified the ring "Yczaur" (You found it on level 6 of a ziggurat)
176768 | Zig:7    | Entered level 7 of a ziggurat
176832 | Zig:7    | Got a sparkling book
176833 | Zig:7    | Identified the Almanac of the Oath (You found it on level 7 of a ziggurat)
176841 | Zig:8    | Entered level 8 of a ziggurat
177132 | Zig:9    | Entered level 9 of a ziggurat
177219 | Zig:9    | Paralysed by a giant eyeball for 2 turns
177516 | Pan      | Gained mutation: Your muscles are strong (Str +2).
177553 | Pan      | Noticed Huuthrot the pandemonium lord
177570 | Pan      | Defeated Huuthrot the pandemonium lord
177931 | Pan      | Noticed Ciucafoc the pandemonium lord
177941 | Pan      | Defeated Ciucafoc the pandemonium lord
177999 | Pan      | Found a gateway to a ziggurat.
178251 | Pan      | You paid a toll of 3480 gold to enter a ziggurat.
178251 | Zig:1    | Entered level 1 of a ziggurat
178266 | Zig:2    | Entered level 2 of a ziggurat
178266 | Zig:2    | Noticed Deuronen the pandemonium lord
178282 | Zig:2    | Defeated Deuronen the pandemonium lord
178291 | Zig:3    | Entered level 3 of a ziggurat
178311 | Zig:4    | Entered level 4 of a ziggurat
178349 | Zig:4    | Got a pair of twisted gloves
178353 | Zig:4    | Identified the +1 pair of gloves "Ajiakal" (You found it on level 4 of a ziggurat)
178358 | Zig:5    | Entered level 5 of a ziggurat
178392 | Zig:6    | Entered level 6 of a ziggurat
178486 | Zig:6    | Got a wavering wooden ring
178487 | Zig:6    | Identified the ring of Loziwn (You acquired it on level 6 of a ziggurat)
178494 | Zig:7    | Entered level 7 of a ziggurat
178550 | Pan      | HP: 8/259 [death drake/foul vapour[a yellow draconian caller] (13)]
180220 | Pan      | Noticed Ceteank the pandemonium lord
180234 | Pan      | Defeated Ceteank the pandemonium lord
181473 | Pan      | Noticed Ehoeff the pandemonium lord
181490 | Pan      | Defeated Ehoeff the pandemonium lord
181525 | D:21     | You pass through the gate.
182002 | Lair:2   | Learned a level 1 spell: Apportation
182004 | Lair:2   | Learned a level 1 spell: Summon Butterflies
182007 | Lair:2   | Learned a level 2 spell: Swiftness
182012 | Lair:2   | Learned a level 3 spell: Abjuration
182286 | Hell     | Learned a level 2 spell: Blink
182289 | Hell     | Learned a level 2 spell: Repel Missiles
182292 | Hell     | Learned a level 2 spell: Cure Poison
184190 | Tomb:1   | Reached skill level 1 in Summonings
184442 | Tomb:1   | Reached skill level 1 in Charms
184442 | Tomb:1   | Reached skill level 1 in Air Magic
185855 | Tomb:1   | Reached skill level 1 in Translocations
186175 | Tomb:1   | Reached skill level 5 in Summonings
186248 | Tomb:1   | Reached skill level 5 in Air Magic
187283 | Tomb:1   | Reached skill level 5 in Translocations
188079 | Tomb:3   | Entered Level 3 of the Tomb of the Ancients
189815 | Tomb:2   | Reached skill level 27 in Spellcasting
193198 | Tomb:3   | Got a golden rune of Zot
193256 | Tomb:3   | Identified a +2 rod of demonology (11/11) (You found it on level 3 of the Tomb of the Ancients)
193288 | Tomb:3   | Identified a +5 rod of warding (9/9) (You found it on level 3 of the Tomb of the Ancients)
193299 | Tomb:3   | Got a glistering book
193300 | Tomb:3   | Identified Pludab's Compendium of Supportive Confrontation (You found it on level 3 of the Tomb of the Ancients)
193304 | Tomb:3   | Got a sparkling ivory ring
193305 | Tomb:3   | Identified the ring "Eciupa Hiep" (You found it on level 3 of the Tomb of the Ancients)
193603 | Hive:1   | Learned a level 4 spell: Flight
193884 | Lair:2   | Learned a level 4 spell: Control Teleport
194448 | Lair:2   | Learned a level 5 spell: Silence
195179 | Coc:7    | Got an icy rune of Zot
196067 | Pan      | Noticed Klochy the pandemonium lord
196102 | Pan      | Defeated Klochy the pandemonium lord
196614 | Pan      | Noticed Zoykhlenu the pandemonium lord
196633 | Pan      | Defeated Zoykhlenu the pandemonium lord
196819 | Pan      | Gained mutation: You are dopey (Int -1).
197101 | Pan      | Noticed Shriad the pandemonium lord
197117 | Pan      | Defeated Shriad the pandemonium lord
197117 | Pan      | Reached skill level 10 in Summonings
197828 | Pan      | Noticed Xusez the pandemonium lord
198155 | Pan      | Defeated Xusez the pandemonium lord
198155 | Pan      | Reached skill level 10 in Air Magic
198528 | Pan      | Reached skill level 5 in Charms
198834 | Pan      | Reached skill level 10 in Translocations
199080 | Pan      | Noticed Katarro the pandemonium lord
199098 | Pan      | Defeated Katarro the pandemonium lord
199758 | Pan      | Noticed Hublext the pandemonium lord
199787 | Pan      | Defeated Hublext the pandemonium lord
200282 | Pan      | Noticed Shieq the pandemonium lord
200303 | Pan      | Defeated Shieq the pandemonium lord
201120 | Pan      | Noticed Norotz the pandemonium lord
201131 | Pan      | Defeated Norotz the pandemonium lord
201753 | Pan      | Noticed Zytiar the pandemonium lord
201757 | Pan      | Defeated Zytiar the pandemonium lord
202246 | Pan      | Noticed Gifohiq the pandemonium lord
202292 | Pan      | Defeated Gifohiq the pandemonium lord
202752 | Pan      | Noticed Friplied the pandemonium lord
202763 | Pan      | Defeated Friplied the pandemonium lord
203529 | Pan      | Noticed Uhixieffos the pandemonium lord
203539 | Pan      | Defeated Uhixieffos the pandemonium lord
203567 | Pan      | Got a crude amethyst amulet
203568 | Pan      | Identified the amulet "Siozanor" (You found it in Pandemonium)
204071 | Pan      | Noticed Bloecal the pandemonium lord
204104 | Pan      | Defeated Bloecal the pandemonium lord
204701 | Pan      | Noticed Yjaonayp the pandemonium lord
204712 | Pan      | Defeated Yjaonayp the pandemonium lord
204734 | Pan      | Reached skill level 10 in Charms
205156 | Pan      | Found a gateway to a ziggurat.
205209 | Pan      | Noticed Wien the pandemonium lord
205223 | Pan      | Defeated Wien the pandemonium lord
205475 | Pan      | You paid a toll of 7080 gold to enter a ziggurat.
205475 | Zig:1    | Entered level 1 of a ziggurat
205492 | Zig:2    | Entered level 2 of a ziggurat
205503 | Zig:3    | Entered level 3 of a ziggurat
205517 | Zig:4    | Entered level 4 of a ziggurat
205571 | Zig:5    | Entered level 5 of a ziggurat
205768 | Zig:6    | Entered level 6 of a ziggurat
205844 | Zig:7    | Entered level 7 of a ziggurat
205897 | Zig:7    | Got a yellowed book
205898 | Zig:7    | Identified Ydwai's Almanac of the Oath (You found it on level 7 of a ziggurat)
205953 | Zig:8    | Entered level 8 of a ziggurat
206031 | Zig:8    | Got a steaming platinum ring
206034 | Zig:8    | Identified the ring of Zasmyell (You found it on level 8 of a ziggurat)
206044 | Zig:9    | Entered level 9 of a ziggurat
206058 | Zig:9    | Paralysed by a giant eyeball for 2 turns
206062 | Zig:9    | Paralysed by a giant eyeball for 4 turns
206074 | Zig:9    | Paralysed by a giant eyeball for 3 turns
206092 | Zig:9    | Paralysed by a giant eyeball for 3 turns
206154 | Zig:10   | Entered level 10 of a ziggurat
206240 | Zig:10   | Reached skill level 1 in Hexes
206427 | Zig:10   | Got a colourful book
206428 | Zig:10   | Identified the Collected Works on Dusty Transmutation (You found it on level 10 of a ziggurat)
206439 | Zig:10   | Got a shimmering wooden ring
206447 | Zig:10   | Got a black book
206448 | Zig:10   | Identified Sif Muna's Papyrus of Dusty Transmigration (You found it on level 10 of a ziggurat)
206457 | Zig:10   | Identified the cursed ring "Curyr" (You found it on level 10 of a ziggurat)
206573 | Zig:11   | Entered level 11 of a ziggurat
206912 | Zig:12   | Entered level 12 of a ziggurat
207067 | Zig:12   | Got a rare book
207068 | Zig:12   | Identified the Disquisition on Damage Dealing and Flight (You found it on level 12 of a ziggurat)
207071 | Zig:12   | Identified a +5 rod of destruction [lightning,iron,fireball] (13/13) (You found it on level 12 of a ziggurat)
207190 | Zig:13   | Entered level 13 of a ziggurat
207264 | Zig:13   | Reached skill level 15 in Air Magic
207335 | Zig:13   | Got an inconspicuous book
207388 | Zig:13   | Identified the Reference Book on Beguiling (You found it on level 13 of a ziggurat)
207394 | Zig:14   | Entered level 14 of a ziggurat
207470 | Zig:14   | Reached skill level 15 in Translocations
207608 | Zig:14   | Got a rare book
207609 | Zig:14   | Identified the Almanac of Igneous Attacks (You found it on level 14 of a ziggurat)
207656 | Zig:15   | Entered level 15 of a ziggurat
208048 | Zig:15   | Got a torn book
208049 | Zig:15   | Identified Lethot's Grimoire of Karma (You found it on level 15 of a ziggurat)
208077 | Pan      | Gained mutation: Your magical capacity is low (-10% MP).
208180 | Pan      | Noticed Node the pandemonium lord
208191 | Pan      | Defeated Node the pandemonium lord
208949 | Pan      | Noticed Klayku the pandemonium lord
208964 | Pan      | Defeated Klayku the pandemonium lord
210089 | Pan      | Got a droning book
210604 | Pan      | Noticed Zinu the pandemonium lord
210618 | Pan      | Defeated Zinu the pandemonium lord
210622 | Pan      | Paralysed by a giant eyeball for 4 turns
210630 | Pan      | Paralysed by a giant eyeball for 4 turns
210642 | Pan      | Paralysed by a giant eyeball for 2 turns
211214 | Pan      | Got a fine diamond amulet
211215 | Pan      | Identified the amulet "Veggun" (You acquired it in Pandemonium)
211220 | Pan      | Identified Juot's Handbook of Displacement (You found it in Pandemonium)
211271 | Pan      | Noticed Suunkilo the pandemonium lord
211273 | Pan      | Defeated Suunkilo the pandemonium lord
211998 | Pan      | Noticed Ycsoobus the pandemonium lord
212012 | Pan      | Defeated Ycsoobus the pandemonium lord
212679 | Pan      | Noticed Mudwa the pandemonium lord
212682 | Pan      | Defeated Mudwa the pandemonium lord
212903 | Pan      | Noticed Nor Moaxt the pandemonium lord
212916 | Pan      | Defeated Nor Moaxt the pandemonium lord
213539 | Pan      | Noticed Zuoxuong the pandemonium lord
213545 | Pan      | Defeated Zuoxuong the pandemonium lord
213897 | Pan      | You are cast into the Abyss!
213897 | Pan      | Cast into the Abyss (distortion unwield)
214068 | Abyss    | Noticed an iron golem
214370 | Abyss    | Noticed a hellephant
214439 | Abyss    | Noticed an earth elemental
214459 | Abyss    | Defeated an earth elemental
214610 | Abyss    | Learned a level 2 spell: Stoneskin
214612 | Abyss    | Noticed a sphinx simulacrum
214617 | Abyss    | Defeated a sphinx simulacrum
214719 | Abyss    | Reached skill level 1 in Transmutations
214904 | Abyss    | Noticed a tormentor
214908 | Abyss    | Defeated a tormentor
214949 | D:21     | You pass through the gate.
215012 | Hell     | Learned a level 6 spell: Deflect Missiles
215346 | Lair:2   | Learned a level 7 spell: Controlled Blink
215353 | Lair:2   | Learned a level 6 spell: Haste
215478 | Temple   | Identified a +5,+7 Blessed Scourge (a +5,+7 demon whip of venom blessed by the Shining One)
216832 | Pan      | Reached skill level 1 in Earth Magic
217001 | Pan      | Noticed Wunelupi the pandemonium lord
217054 | Pan      | Defeated Wunelupi the pandemonium lord
217332 | Pan      | Reached skill level 5 in Transmutations
217341 | Pan      | Noticed Schiass the pandemonium lord
217358 | Pan      | Defeated Schiass the pandemonium lord
217859 | Pan      | Noticed Fruajol the pandemonium lord
217876 | Pan      | Gained mutation: You are frail (-10% HP).
217881 | Pan      | Defeated Fruajol the pandemonium lord
218792 | Pan      | Noticed Twu Blu the pandemonium lord
218797 | Pan      | Defeated Twu Blu the pandemonium lord
219114 | Pan      | Lost mutation: You are frail (-10% HP).
219114 | Pan      | Lost mutation: You are dopey (Int -1).
219114 | Pan      | Lost mutation: Your magical capacity is low (-10% MP).
219114 | Pan      | Lost mutation: Your muscles are strong (Str +2).
219114 | Pan      | Lost mutation: Your muscles are strong (Str +1).
219428 | Pan      | Noticed Keliob the pandemonium lord
219436 | Pan      | Defeated Keliob the pandemonium lord
219587 | Pan      | Reached skill level 5 in Hexes
219665 | Pan      | Noticed Neotax the pandemonium lord
219687 | Pan      | Defeated Neotax the pandemonium lord
219883 | Pan      | Gained mutation: You are dopey (Int -1).
220321 | Pan      | Got a brightly glowing cloak
220325 | Pan      | Identified the cursed -3 cloak of the Slorg (You found it in Pandemonium)
220629 | Pan      | Noticed Jonimuna the pandemonium lord
220643 | Pan      | Defeated Jonimuna the pandemonium lord
221281 | Pan      | Reached skill level 1 in Poison Magic
221292 | Pan      | Noticed Koamor the pandemonium lord
221303 | Pan      | Defeated Koamor the pandemonium lord
222245 | Pan      | Found a gateway to a ziggurat.
222314 | Pan      | Noticed an ancient lich
222382 | Pan      | Defeated an ancient lich
222474 | Pan      | Noticed Gov Uhyi the pandemonium lord
222479 | Pan      | Defeated Gov Uhyi the pandemonium lord
222782 | Pan      | You paid a toll of 4310 gold to enter a ziggurat.
222782 | Zig:1    | Entered level 1 of a ziggurat
222801 | Zig:1    | Identified a +2 rod of destruction [fire] (11/11) (You found it on level 1 of a ziggurat)
222814 | Zig:2    | Entered level 2 of a ziggurat
222845 | Zig:3    | Entered level 3 of a ziggurat
222901 | Zig:3    | Learned a level 4 spell: Dig
222911 | Zig:4    | Entered level 4 of a ziggurat
222912 | Zig:4    | Noticed Aphic the pandemonium lord
222913 | Zig:4    | Noticed Schemn the pandemonium lord
222919 | Zig:4    | Defeated Schemn the pandemonium lord
222930 | Zig:4    | Defeated Aphic the pandemonium lord
222930 | Zig:4    | Reached skill level 10 in Transmutations
222939 | Zig:4    | Lost mutation: You are dopey (Int -1).
222942 | Zig:5    | Entered level 5 of a ziggurat
222984 | Zig:6    | Entered level 6 of a ziggurat
223063 | Zig:6    | Got a droning book
223064 | Zig:6    | Identified Sif Muna's Guide on Congealing Protection (You found it on level 6 of a ziggurat)
223070 | Zig:7    | Entered level 7 of a ziggurat
223413 | Zig:8    | Entered level 8 of a ziggurat
223563 | Zig:9    | Entered level 9 of a ziggurat
223657 | Zig:9    | Got a fine lapis lazuli ring
223673 | Zig:9    | Identified the ring "Utoiw" (You found it on level 9 of a ziggurat)
223801 | Zig:10   | Entered level 10 of a ziggurat
223925 | Zig:11   | Entered level 11 of a ziggurat
224026 | Zig:11   | Paralysed by a giant eyeball for 3 turns
224074 | Zig:11   | Got an antique book
224075 | Zig:11   | Identified the Papyrus of Blistering Creation (You found it on level 11 of a ziggurat)
224090 | Zig:12   | Entered level 12 of a ziggurat
224100 | Zig:12   | Noticed Ylatizxy the pandemonium lord
224134 | Zig:12   | Defeated Ylatizxy the pandemonium lord
224217 | Zig:12   | Got a scintillating jade ring
224218 | Zig:12   | Identified the ring of Rahieric (You found it on level 12 of a ziggurat)
224225 | Zig:13   | Entered level 13 of a ziggurat
224643 | Zig:13   | Got a graven book
224644 | Zig:13   | Identified the Disquisition on Arcane Weapons and Ignition (You found it on level 13 of a ziggurat)
224649 | Zig:13   | Got a glittering amber ring
224656 | Zig:13   | Identified the ring "Tham Rej" (You found it on level 13 of a ziggurat)
224664 | Zig:14   | Entered level 14 of a ziggurat
224823 | Zig:14   | Got a sparkling book
224824 | Zig:14   | Identified the Almanac of Glacial Aid (You found it on level 14 of a ziggurat)
224842 | Zig:15   | Entered level 15 of a ziggurat
225063 | Zig:15   | Got a steaming lapis lazuli ring
225074 | Zig:15   | Got a transparent granite ring
225083 | Zig:15   | Identified the ring "Ohur Agg" (You found it on level 15 of a ziggurat)
225095 | Zig:16   | Entered level 16 of a ziggurat
225350 | Zig:17   | Entered level 17 of a ziggurat
225404 | Zig:17   | Noticed an ancient lich
225488 | Zig:17   | Defeated an ancient lich
225605 | Zig:17   | Identified the ring of Divine Intervention (You found it on level 15 of a ziggurat)
225614 | Zig:18   | Entered level 18 of a ziggurat
225792 | Zig:18   | Got a steaming platinum ring
225817 | Zig:18   | Identified the ring of Xom's Pride (You found it on level 18 of a ziggurat)
225824 | Zig:19   | Entered level 19 of a ziggurat
225976 | Zig:19   | Reached skill level 15 in Transmutations
226150 | Zig:19   | Got a steaming bone ring
226152 | Zig:19   | Got a slimy tin amulet
226168 | Zig:19   | Got a graven book
226169 | Zig:19   | Identified the Catalogue of the Ghastly Rocks (You found it on level 19 of a ziggurat)
226181 | Zig:19   | Learned a level 4 spell: Airstrike
226187 | Zig:19   | Got a droning book
226188 | Zig:19   | Identified the Incunabulum of the Jolly Realms (You found it on level 19 of a ziggurat)
226193 | Zig:19   | Identified the ring of Femingef (You found it on level 19 of a ziggurat)
226287 | Zig:20   | Entered level 20 of a ziggurat
226306 | Zig:20   | Noticed an ancient lich
226315 | Zig:20   | Noticed an ancient lich
226318 | Zig:20   | Noticed an ancient lich
226318 | Zig:20   | Noticed an ancient lich
226318 | Zig:20   | Noticed an ancient lich
226326 | Zig:20   | Defeated an ancient lich
226332 | Zig:20   | Defeated an ancient lich
226344 | Zig:20   | Defeated an ancient lich
226347 | Zig:20   | Defeated an ancient lich
226371 | Zig:20   | Defeated an ancient lich
226371 | Zig:20   | Reached skill level 10 in Hexes
226750 | Zig:20   | Learned a level 2 spell: Shroud of Golubria
226755 | Zig:21   | Entered level 21 of a ziggurat
226783 | Zig:21   | Noticed Puunil the pandemonium lord
226784 | Zig:21   | Noticed Umearr the pandemonium lord
226785 | Zig:21   | Noticed Joamu the pandemonium lord
226786 | Zig:21   | Noticed Nocvux the pandemonium lord
226787 | Zig:21   | Noticed Fefid the pandemonium lord
226791 | Zig:21   | Noticed Thalim the pandemonium lord
226793 | Zig:21   | Noticed Mnush the pandemonium lord
226796 | Zig:21   | Noticed Emofow the pandemonium lord
226799 | Zig:21   | Noticed Hiliyq the pandemonium lord
226803 | Zig:21   | Defeated Puunil the pandemonium lord
226807 | Zig:21   | Noticed Omuaps the pandemonium lord
226807 | Zig:21   | Noticed Qiumerut the pandemonium lord
226835 | Zig:21   | Paralysed by a giant eyeball for 3 turns
226839 | Zig:21   | Noticed Taust the pandemonium lord
226847 | Zig:21   | Defeated Thalim the pandemonium lord
226847 | Zig:21   | Defeated Nocvux the pandemonium lord
226854 | Zig:21   | Defeated Hiliyq the pandemonium lord
226854 | Zig:21   | Defeated Mnush the pandemonium lord
226858 | Zig:21   | Defeated Fefid the pandemonium lord
226862 | Zig:21   | Defeated Umearr the pandemonium lord
226866 | Zig:21   | Defeated Emofow the pandemonium lord
226866 | Zig:21   | Reached skill level 15 in Summonings
226869 | Zig:21   | Noticed Yhetient the pandemonium lord
226875 | Zig:21   | Defeated Omuaps the pandemonium lord
226876 | Zig:21   | Defeated Qiumerut the pandemonium lord
226878 | Zig:21   | Defeated Taust the pandemonium lord
226910 | Zig:21   | Defeated Joamu the pandemonium lord
226917 | Zig:21   | Defeated Yhetient the pandemonium lord
226924 | Zig:21   | Gained mutation: You are dopey (Int -1).
226966 | Zig:21   | Noticed Fezedwy the pandemonium lord
227038 | Zig:21   | Defeated Fezedwy the pandemonium lord
227061 | Zig:21   | Got an inconspicuous book
227063 | Zig:21   | Identified Ghoilakh's Reference Book on Shape Shifting (You found it on level 21 of a ziggurat)
227071 | Zig:21   | Got a transparent copper ring
227091 | Zig:21   | Got a yellowed book
227092 | Zig:21   | Identified the Collected Works on the Blaze and Combat Magic (You found it on level 21 of a ziggurat)
227141 | Zig:21   | Lost mutation: You are dopey (Int -1).
227144 | Zig:21   | Identified the amulet "Akhentefutt" (You found it on level 19 of a ziggurat)
227150 | Zig:22   | Entered level 22 of a ziggurat
227620 | Zig:22   | Got a heavily runed plate mail
227644 | Zig:22   | Identified the +5 plate mail of Day (You found it on level 22 of a ziggurat)
227819 | Zig:23   | Entered level 23 of a ziggurat
227871 | Zig:23   | Noticed Veskylyl the pandemonium lord
227880 | Zig:23   | Noticed Zaesas the pandemonium lord
227889 | Zig:23   | Defeated Veskylyl the pandemonium lord
227892 | Zig:23   | Noticed Plog the pandemonium lord
227893 | Zig:23   | Noticed Osuicwe the pandemonium lord
227903 | Zig:23   | Noticed Preuc the pandemonium lord
227904 | Zig:23   | Noticed Gyorijuq the pandemonium lord
227904 | Zig:23   | Noticed Thracwar the pandemonium lord
227905 | Zig:23   | Noticed Ciumparuit the pandemonium lord
227906 | Zig:23   | Noticed Clegg the pandemonium lord
227906 | Zig:23   | Noticed Fuefug the pandemonium lord
227910 | Zig:23   | Noticed Meorior the pandemonium lord
227916 | Zig:23   | Noticed Leups the pandemonium lord
227919 | Zig:23   | Noticed Lirirov the pandemonium lord
227922 | Zig:23   | Defeated Zaesas the pandemonium lord
227924 | Zig:23   | Noticed Craor the pandemonium lord
227924 | Zig:23   | Noticed Nuycrion the pandemonium lord
227924 | Zig:23   | Noticed Friluda the pandemonium lord
227924 | Zig:23   | Noticed Ongocwuc the pandemonium lord
227929 | Zig:23   | Paralysed by a giant eyeball for 4 turns
227934 | Zig:23   | Killed from afar by Lirirov
